Workbook

Sheet Dashboard Summary
A1: Councillor Case Dashboard | F1: Metric | G1: Count | J1: Casework Open Month | K1: Casework Closed Month | L1: Casework Active Flag
A2: Month | B2: Cases Raised | C2: Cases Closed | D2: Open Remaining | F2: Total cases raised | G2: =COUNTA('Casework Ledger'!$A$2:$A$100) -> 47 | J2: =IF(OR('Casework Ledger'!$A2="",'Casework Ledger'!$G2=""),"",IFERROR(EOMONTH('Casework Ledger'!$G2,0),IFERROR(EOMONTH(DATEVALUE("1 "&'Casework Ledger'!$G2),0),""))) -> 46081 | K2: =IF(OR('Casework Ledger'!$A2="",LEFT(TRIM('Casework Ledger'!$I2),6)<>"Closed"),"",IFERROR(EOMONTH('Casework Ledger'!$H2,0),IFERROR(EOMONTH(DATEVALUE("1 "&'Casework Ledger'!$H2),0),""))) | L2: =IF('Casework Ledger'!$A2="",0,IF(OR(LEFT(TRIM('Casework Ledger'!$I2),4)="Open",TRIM('Casework Ledger'!$I2)="Monitoring",TRIM('Casework Ledger'!$I2)="Ongoing"),1,0)) -> 1
A3: May 2025 | B3: =COUNTIFS($J$2:$J$100,EOMONTH(DATEVALUE("1 "&$A3),0)) -> 5 | C3: =COUNTIFS($K$2:$K$100,EOMONTH(DATEVALUE("1 "&$A3),0)) -> 4 | D3: =COUNTIFS($J$2:$J$100,"<="&EOMONTH(DATEVALUE("1 "&$A3),0),$J$2:$J$100,"<>",$L$2:$L$100,1)+COUNTIFS($J$2:$J$100,"<="&EOMONTH(DATEVALUE("1 "&$A3),0),$J$2:$J$100,"<>",$K$2:$K$100,">"&EOMONTH(DATEVALUE("1 "&$A3),0)) -> 1 | F3: Total cases closed | G3: =G2-G4 -> 33 | J3: =IF(OR('Casework Ledger'!$A3="",'Casework Ledger'!$G3=""),"",IFERROR(EOMONTH('Casework Ledger'!$G3,0),IFERROR(EOMONTH(DATEVALUE("1 "&'Casework Ledger'!$G3),0),""))) -> 46053 | K3: =IF(OR('Casework Ledger'!$A3="",LEFT(TRIM('Casework Ledger'!$I3),6)<>"Closed"),"",IFERROR(EOMONTH('Casework Ledger'!$H3,0),IFERROR(EOMONTH(DATEVALUE("1 "&'Casework Ledger'!$H3),0),""))) | L3: =IF('Casework Ledger'!$A3="",0,IF(OR(LEFT(TRIM('Casework Ledger'!$I3),4)="Open",TRIM('Casework Ledger'!$I3)="Monitoring",TRIM('Casework Ledger'!$I3)="Ongoing"),1,0)) -> 1
A4: Jun 2025 | B4: =COUNTIFS($J$2:$J$100,EOMONTH(DATEVALUE("1 "&$A4),0)) -> 2 | C4: =COUNTIFS($K$2:$K$100,EOMONTH(DATEVALUE("1 "&$A4),0)) -> 0 | D4: =COUNTIFS($J$2:$J$100,"<="&EOMONTH(DATEVALUE("1 "&$A4),0),$J$2:$J$100,"<>",$L$2:$L$100,1)+COUNTIFS($J$2:$J$100,"<="&EOMONTH(DATEVALUE("1 "&$A4),0),$J$2:$J$100,"<>",$K$2:$K$100,">"&EOMONTH(DATEVALUE("1 "&$A4),0)) -> 3 | F4: Currently open / monitoring | G4: =SUM($L$2:$L$100) -> 14 | J4: =IF(OR('Casework Ledger'!$A4="",'Casework Ledger'!$G4=""),"",IFERROR(EOMONTH('Casework Ledger'!$G4,0),IFERROR(EOMONTH(DATEVALUE("1 "&'Casework Ledger'!$G4),0),""))) -> 45930 | K4: =IF(OR('Casework Ledger'!$A4="",LEFT(TRIM('Casework Ledger'!$I4),6)<>"Closed"),"",IFERROR(EOMONTH('Casework Ledger'!$H4,0),IFERROR(EOMONTH(DATEVALUE("1 "&'Casework Ledger'!$H4),0),""))) | L4: =IF('Casework Ledger'!$A4="",0,IF(OR(LEFT(TRIM('Casework Ledger'!$I4),4)="Open",TRIM('Casework Ledger'!$I4)="Monitoring",TRIM('Casework Ledger'!$I4)="Ongoing"),1,0)) -> 1
A5: Jul 2025 | B5: =COUNTIFS($J$2:$J$100,EOMONTH(DATEVALUE("1 "&$A5),0)) -> 1 | C5: =COUNTIFS($K$2:$K$100,EOMONTH(DATEVALUE("1 "&$A5),0)) -> 0 | D5: =COUNTIFS($J$2:$J$100,"<="&EOMONTH(DATEVALUE("1 "&$A5),0),$J$2:$J$100,"<>",$L$2:$L$100,1)+COUNTIFS($J$2:$J$100,"<="&EOMONTH(DATEVALUE("1 "&$A5),0),$J$2:$J$100,"<>",$K$2:$K$100,">"&EOMONTH(DATEVALUE("1 "&$A5),0)) -> 4 | J5: =IF(OR('Casework Ledger'!$A5="",'Casework Ledger'!$G5=""),"",IFERROR(EOMONTH('Casework Ledger'!$G5,0),IFERROR(EOMONTH(DATEVALUE("1 "&'Casework Ledger'!$G5),0),""))) -> 46173 | K5: =IF(OR('Casework Ledger'!$A5="",LEFT(TRIM('Casework Ledger'!$I5),6)<>"Closed"),"",IFERROR(EOMONTH('Casework Ledger'!$H5,0),IFERROR(EOMONTH(DATEVALUE("1 "&'Casework Ledger'!$H5),0),""))) | L5: =IF('Casework Ledger'!$A5="",0,IF(OR(LEFT(TRIM('Casework Ledger'!$I5),4)="Open",TRIM('Casework Ledger'!$I5)="Monitoring",TRIM('Casework Ledger'!$I5)="Ongoing"),1,0)) -> 1
A6: Aug 2025 | B6: =COUNTIFS($J$2:$J$100,EOMONTH(DATEVALUE("1 "&$A6),0)) -> 0 | C6: =COUNTIFS($K$2:$K$100,EOMONTH(DATEVALUE("1 "&$A6),0)) -> 0 | D6: =COUNTIFS($J$2:$J$100,"<="&EOMONTH(DATEVALUE("1 "&$A6),0),$J$2:$J$100,"<>",$L$2:$L$100,1)+COUNTIFS($J$2:$J$100,"<="&EOMONTH(DATEVALUE("1 "&$A6),0),$J$2:$J$100,"<>",$K$2:$K$100,">"&EOMONTH(DATEVALUE("1 "&$A6),0)) -> 4 | J6: =IF(OR('Casework Ledger'!$A6="",'Casework Ledger'!$G6=""),"",IFERROR(EOMONTH('Casework Ledger'!$G6,0),IFERROR(EOMONTH(DATEVALUE("1 "&'Casework Ledger'!$G6),0),""))) -> 46173 | K6: =IF(OR('Casework Ledger'!$A6="",LEFT(TRIM('Casework Ledger'!$I6),6)<>"Closed"),"",IFERROR(EOMONTH('Casework Ledger'!$H6,0),IFERROR(EOMONTH(DATEVALUE("1 "&'Casework Ledger'!$H6),0),""))) | L6: =IF('Casework Ledger'!$A6="",0,IF(OR(LEFT(TRIM('Casework Ledger'!$I6),4)="Open",TRIM('Casework Ledger'!$I6)="Monitoring",TRIM('Casework Ledger'!$I6)="Ongoing"),1,0)) -> 1
A7: Sep 2025 | B7: =COUNTIFS($J$2:$J$100,EOMONTH(DATEVALUE("1 "&$A7),0)) -> 4 | C7: =COUNTIFS($K$2:$K$100,EOMONTH(DATEVALUE("1 "&$A7),0)) -> 2 | D7: =COUNTIFS($J$2:$J$100,"<="&EOMONTH(DATEVALUE("1 "&$A7),0),$J$2:$J$100,"<>",$L$2:$L$100,1)+COUNTIFS($J$2:$J$100,"<="&EOMONTH(DATEVALUE("1 "&$A7),0),$J$2:$J$100,"<>",$K$2:$K$100,">"&EOMONTH(DATEVALUE("1 "&$A7),0)) -> 6 | J7: =IF(OR('Casework Ledger'!$A7="",'Casework Ledger'!$G7=""),"",IFERROR(EOMONTH('Casework Ledger'!$G7,0),IFERROR(EOMONTH(DATEVALUE("1 "&'Casework Ledger'!$G7),0),""))) -> 46142 | K7: =IF(OR('Casework Ledger'!$A7="",LEFT(TRIM('Casework Ledger'!$I7),6)<>"Closed"),"",IFERROR(EOMONTH('Casework Ledger'!$H7,0),IFERROR(EOMONTH(DATEVALUE("1 "&'Casework Ledger'!$H7),0),""))) | L7: =IF('Casework Ledger'!$A7="",0,IF(OR(LEFT(TRIM('Casework Ledger'!$I7),4)="Open",TRIM('Casework Ledger'!$I7)="Monitoring",TRIM('Casework Ledger'!$I7)="Ongoing"),1,0)) -> 1
A8: Oct 2025 | B8: =COUNTIFS($J$2:$J$100,EOMONTH(DATEVALUE("1 "&$A8),0)) -> 1 | C8: =COUNTIFS($K$2:$K$100,EOMONTH(DATEVALUE("1 "&$A8),0)) -> 0 | D8: =COUNTIFS($J$2:$J$100,"<="&EOMONTH(DATEVALUE("1 "&$A8),0),$J$2:$J$100,"<>",$L$2:$L$100,1)+COUNTIFS($J$2:$J$100,"<="&EOMONTH(DATEVALUE("1 "&$A8),0),$J$2:$J$100,"<>",$K$2:$K$100,">"&EOMONTH(DATEVALUE("1 "&$A8),0)) -> 7 | J8: =IF(OR('Casework Ledger'!$A8="",'Casework Ledger'!$G8=""),"",IFERROR(EOMONTH('Casework Ledger'!$G8,0),IFERROR(EOMONTH(DATEVALUE("1 "&'Casework Ledger'!$G8),0),""))) -> 46142 | K8: =IF(OR('Casework Ledger'!$A8="",LEFT(TRIM('Casework Ledger'!$I8),6)<>"Closed"),"",IFERROR(EOMONTH('Casework Ledger'!$H8,0),IFERROR(EOMONTH(DATEVALUE("1 "&'Casework Ledger'!$H8),0),""))) | L8: =IF('Casework Ledger'!$A8="",0,IF(OR(LEFT(TRIM('Casework Ledger'!$I8),4)="Open",TRIM('Casework Ledger'!$I8)="Monitoring",TRIM('Casework Ledger'!$I8)="Ongoing"),1,0)) -> 1
A9: Nov 2025 | B9: =COUNTIFS($J$2:$J$100,EOMONTH(DATEVALUE("1 "&$A9),0)) -> 1 | C9: =COUNTIFS($K$2:$K$100,EOMONTH(DATEVALUE("1 "&$A9),0)) -> 1 | D9: =COUNTIFS($J$2:$J$100,"<="&EOMONTH(DATEVALUE("1 "&$A9),0),$J$2:$J$100,"<>",$L$2:$L$100,1)+COUNTIFS($J$2:$J$100,"<="&EOMONTH(DATEVALUE("1 "&$A9),0),$J$2:$J$100,"<>",$K$2:$K$100,">"&EOMONTH(DATEVALUE("1 "&$A9),0)) -> 7 | J9: =IF(OR('Casework Ledger'!$A9="",'Casework Ledger'!$G9=""),"",IFERROR(EOMONTH('Casework Ledger'!$G9,0),IFERROR(EOMONTH(DATEVALUE("1 "&'Casework Ledger'!$G9),0),""))) -> 46142 | K9: =IF(OR('Casework Ledger'!$A9="",LEFT(TRIM('Casework Ledger'!$I9),6)<>"Closed"),"",IFERROR(EOMONTH('Casework Ledger'!$H9,0),IFERROR(EOMONTH(DATEVALUE("1 "&'Casework Ledger'!$H9),0),""))) -> 46295 | L9: =IF('Casework Ledger'!$A9="",0,IF(OR(LEFT(TRIM('Casework Ledger'!$I9),4)="Open",TRIM('Casework Ledger'!$I9)="Monitoring",TRIM('Casework Ledger'!$I9)="Ongoing"),1,0)) -> 0
A10: Dec 2025 | B10: =COUNTIFS($J$2:$J$100,EOMONTH(DATEVALUE("1 "&$A10),0)) -> 0 | C10: =COUNTIFS($K$2:$K$100,EOMONTH(DATEVALUE("1 "&$A10),0)) -> 0 | D10: =COUNTIFS($J$2:$J$100,"<="&EOMONTH(DATEVALUE("1 "&$A10),0),$J$2:$J$100,"<>",$L$2:$L$100,1)+COUNTIFS($J$2:$J$100,"<="&EOMONTH(DATEVALUE("1 "&$A10),0),$J$2:$J$100,"<>",$K$2:$K$100,">"&EOMONTH(DATEVALUE("1 "&$A10),0)) -> 7 | J10: =IF(OR('Casework Ledger'!$A10="",'Casework Ledger'!$G10=""),"",IFERROR(EOMONTH('Casework Ledger'!$G10,0),IFERROR(EOMONTH(DATEVALUE("1 "&'Casework Ledger'!$G10),0),""))) -> 46142 | K10: =IF(OR('Casework Ledger'!$A10="",LEFT(TRIM('Casework Ledger'!$I10),6)<>"Closed"),"",IFERROR(EOMONTH('Casework Ledger'!$H10,0),IFERROR(EOMONTH(DATEVALUE("1 "&'Casework Ledger'!$H10),0),""))) -> 46295 | L10: =IF('Casework Ledger'!$A10="",0,IF(OR(LEFT(TRIM('Casework Ledger'!$I10),4)="Open",TRIM('Casework Ledger'!$I10)="Monitoring",TRIM('Casework Ledger'!$I10)="Ongoing"),1,0)) -> 0
A11: Jan 2026 | B11: =COUNTIFS($J$2:$J$100,EOMONTH(DATEVALUE("1 "&$A11),0)) -> 13 | C11: =COUNTIFS($K$2:$K$100,EOMONTH(DATEVALUE("1 "&$A11),0)) -> 5 | D11: =COUNTIFS($J$2:$J$100,"<="&EOMONTH(DATEVALUE("1 "&$A11),0),$J$2:$J$100,"<>",$L$2:$L$100,1)+COUNTIFS($J$2:$J$100,"<="&EOMONTH(DATEVALUE("1 "&$A11),0),$J$2:$J$100,"<>",$K$2:$K$100,">"&EOMONTH(DATEVALUE("1 "&$A11),0)) -> 15 | J11: =IF(OR('Casework Ledger'!$A11="",'Casework Ledger'!$G11=""),"",IFERROR(EOMONTH('Casework Ledger'!$G11,0),IFERROR(EOMONTH(DATEVALUE("1 "&'Casework Ledger'!$G11),0),""))) -> 46142 | K11: =IF(OR('Casework Ledger'!$A11="",LEFT(TRIM('Casework Ledger'!$I11),6)<>"Closed"),"",IFERROR(EOMONTH('Casework Ledger'!$H11,0),IFERROR(EOMONTH(DATEVALUE("1 "&'Casework Ledger'!$H11),0),""))) | L11: =IF('Casework Ledger'!$A11="",0,IF(OR(LEFT(TRIM('Casework Ledger'!$I11),4)="Open",TRIM('Casework Ledger'!$I11)="Monitoring",TRIM('Casework Ledger'!$I11)="Ongoing"),1,0)) -> 1
A12: Feb 2026 | B12: =COUNTIFS($J$2:$J$100,EOMONTH(DATEVALUE("1 "&$A12),0)) -> 7 | C12: =COUNTIFS($K$2:$K$100,EOMONTH(DATEVALUE("1 "&$A12),0)) -> 9 | D12: =COUNTIFS($J$2:$J$100,"<="&EOMONTH(DATEVALUE("1 "&$A12),0),$J$2:$J$100,"<>",$L$2:$L$100,1)+COUNTIFS($J$2:$J$100,"<="&EOMONTH(DATEVALUE("1 "&$A12),0),$J$2:$J$100,"<>",$K$2:$K$100,">"&EOMONTH(DATEVALUE("1 "&$A12),0)) -> 13 | J12: =IF(OR('Casework Ledger'!$A12="",'Casework Ledger'!$G12=""),"",IFERROR(EOMONTH('Casework Ledger'!$G12,0),IFERROR(EOMONTH(DATEVALUE("1 "&'Casework Ledger'!$G12),0),""))) -> 46173 | K12: =IF(OR('Casework Ledger'!$A12="",LEFT(TRIM('Casework Ledger'!$I12),6)<>"Closed"),"",IFERROR(EOMONTH('Casework Ledger'!$H12,0),IFERROR(EOMONTH(DATEVALUE("1 "&'Casework Ledger'!$H12),0),""))) | L12: =IF('Casework Ledger'!$A12="",0,IF(OR(LEFT(TRIM('Casework Ledger'!$I12),4)="Open",TRIM('Casework Ledger'!$I12)="Monitoring",TRIM('Casework Ledger'!$I12)="Ongoing"),1,0)) -> 1
A13: Mar 2026 | B13: =COUNTIFS($J$2:$J$100,EOMONTH(DATEVALUE("1 "&$A13),0)) -> 2 | C13: =COUNTIFS($K$2:$K$100,EOMONTH(DATEVALUE("1 "&$A13),0)) -> 2 | D13: =COUNTIFS($J$2:$J$100,"<="&EOMONTH(DATEVALUE("1 "&$A13),0),$J$2:$J$100,"<>",$L$2:$L$100,1)+COUNTIFS($J$2:$J$100,"<="&EOMONTH(DATEVALUE("1 "&$A13),0),$J$2:$J$100,"<>",$K$2:$K$100,">"&EOMONTH(DATEVALUE("1 "&$A13),0)) -> 13 | J13: =IF(OR('Casework Ledger'!$A13="",'Casework Ledger'!$G13=""),"",IFERROR(EOMONTH('Casework Ledger'!$G13,0),IFERROR(EOMONTH(DATEVALUE("1 "&'Casework Ledger'!$G13),0),""))) -> 45808 | K13: =IF(OR('Casework Ledger'!$A13="",LEFT(TRIM('Casework Ledger'!$I13),6)<>"Closed"),"",IFERROR(EOMONTH('Casework Ledger'!$H13,0),IFERROR(EOMONTH(DATEVALUE("1 "&'Casework Ledger'!$H13),0),""))) | L13: =IF('Casework Ledger'!$A13="",0,IF(OR(LEFT(TRIM('Casework Ledger'!$I13),4)="Open",TRIM('Casework Ledger'!$I13)="Monitoring",TRIM('Casework Ledger'!$I13)="Ongoing"),1,0)) -> 1
A14: Apr 2026 | B14: =COUNTIFS($J$2:$J$100,EOMONTH(DATEVALUE("1 "&$A14),0)) -> 6 | C14: =COUNTIFS($K$2:$K$100,EOMONTH(DATEVALUE("1 "&$A14),0)) -> 2 | D14: =COUNTIFS($J$2:$J$100,"<="&EOMONTH(DATEVALUE("1 "&$A14),0),$J$2:$J$100,"<>",$L$2:$L$100,1)+COUNTIFS($J$2:$J$100,"<="&EOMONTH(DATEVALUE("1 "&$A14),0),$J$2:$J$100,"<>",$K$2:$K$100,">"&EOMONTH(DATEVALUE("1 "&$A14),0)) -> 17 | J14: =IF(OR('Casework Ledger'!$A14="",'Casework Ledger'!$G14=""),"",IFERROR(EOMONTH('Casework Ledger'!$G14,0),IFERROR(EOMONTH(DATEVALUE("1 "&'Casework Ledger'!$G14),0),""))) -> 46053 | K14: =IF(OR('Casework Ledger'!$A14="",LEFT(TRIM('Casework Ledger'!$I14),6)<>"Closed"),"",IFERROR(EOMONTH('Casework Ledger'!$H14,0),IFERROR(EOMONTH(DATEVALUE("1 "&'Casework Ledger'!$H14),0),""))) | L14: =IF('Casework Ledger'!$A14="",0,IF(OR(LEFT(TRIM('Casework Ledger'!$I14),4)="Open",TRIM('Casework Ledger'!$I14)="Monitoring",TRIM('Casework Ledger'!$I14)="Ongoing"),1,0)) -> 1
A15: May 2026 | B15: =COUNTIFS($J$2:$J$100,EOMONTH(DATEVALUE("1 "&$A15),0)) -> 4 | C15: =COUNTIFS($K$2:$K$100,EOMONTH(DATEVALUE("1 "&$A15),0)) -> 4 | D15: =COUNTIFS($J$2:$J$100,"<="&EOMONTH(DATEVALUE("1 "&$A15),0),$J$2:$J$100,"<>",$L$2:$L$100,1)+COUNTIFS($J$2:$J$100,"<="&EOMONTH(DATEVALUE("1 "&$A15),0),$J$2:$J$100,"<>",$K$2:$K$100,">"&EOMONTH(DATEVALUE("1 "&$A15),0)) -> 17 | J15: =IF(OR('Casework Ledger'!$A15="",'Casework Ledger'!$G15=""),"",IFERROR(EOMONTH('Casework Ledger'!$G15,0),IFERROR(EOMONTH(DATEVALUE("1 "&'Casework Ledger'!$G15),0),""))) -> 46053 | K15: =IF(OR('Casework Ledger'!$A15="",LEFT(TRIM('Casework Ledger'!$I15),6)<>"Closed"),"",IFERROR(EOMONTH('Casework Ledger'!$H15,0),IFERROR(EOMONTH(DATEVALUE("1 "&'Casework Ledger'!$H15),0),""))) | L15: =IF('Casework Ledger'!$A15="",0,IF(OR(LEFT(TRIM('Casework Ledger'!$I15),4)="Open",TRIM('Casework Ledger'!$I15)="Monitoring",TRIM('Casework Ledger'!$I15)="Ongoing"),1,0)) -> 1
A16: Jun 2026 | B16: =COUNTIFS($J$2:$J$100,EOMONTH(DATEVALUE("1 "&$A16),0)) -> 0 | C16: =COUNTIFS($K$2:$K$100,EOMONTH(DATEVALUE("1 "&$A16),0)) -> 0 | D16: =COUNTIFS($J$2:$J$100,"<="&EOMONTH(DATEVALUE("1 "&$A16),0),$J$2:$J$100,"<>",$L$2:$L$100,1)+COUNTIFS($J$2:$J$100,"<="&EOMONTH(DATEVALUE("1 "&$A16),0),$J$2:$J$100,"<>",$K$2:$K$100,">"&EOMONTH(DATEVALUE("1 "&$A16),0)) -> 17 | J16: =IF(OR('Casework Ledger'!$A16="",'Casework Ledger'!$G16=""),"",IFERROR(EOMONTH('Casework Ledger'!$G16,0),IFERROR(EOMONTH(DATEVALUE("1 "&'Casework Ledger'!$G16),0),""))) -> 46053 | K16: =IF(OR('Casework Ledger'!$A16="",LEFT(TRIM('Casework Ledger'!$I16),6)<>"Closed"),"",IFERROR(EOMONTH('Casework Ledger'!$H16,0),IFERROR(EOMONTH(DATEVALUE("1 "&'Casework Ledger'!$H16),0),""))) | L16: =IF('Casework Ledger'!$A16="",0,IF(OR(LEFT(TRIM('Casework Ledger'!$I16),4)="Open",TRIM('Casework Ledger'!$I16)="Monitoring",TRIM('Casework Ledger'!$I16)="Ongoing"),1,0)) -> 1
A17: Jul 2026 | B17: =COUNTIFS($J$2:$J$100,EOMONTH(DATEVALUE("1 "&$A17),0)) -> 0 | C17: =COUNTIFS($K$2:$K$100,EOMONTH(DATEVALUE("1 "&$A17),0)) -> 2 | D17: =COUNTIFS($J$2:$J$100,"<="&EOMONTH(DATEVALUE("1 "&$A17),0),$J$2:$J$100,"<>",$L$2:$L$100,1)+COUNTIFS($J$2:$J$100,"<="&EOMONTH(DATEVALUE("1 "&$A17),0),$J$2:$J$100,"<>",$K$2:$K$100,">"&EOMONTH(DATEVALUE("1 "&$A17),0)) -> 15 | J17: =IF(OR('Casework Ledger'!$A18="",'Casework Ledger'!$G18=""),"",IFERROR(EOMONTH('Casework Ledger'!$G18,0),IFERROR(EOMONTH(DATEVALUE("1 "&'Casework Ledger'!$G18),0),""))) -> 45930 | K17: =IF(OR('Casework Ledger'!$A18="",LEFT(TRIM('Casework Ledger'!$I18),6)<>"Closed"),"",IFERROR(EOMONTH('Casework Ledger'!$H18,0),IFERROR(EOMONTH(DATEVALUE("1 "&'Casework Ledger'!$H18),0),""))) -> 45930 | L17: =IF('Casework Ledger'!$A18="",0,IF(OR(LEFT(TRIM('Casework Ledger'!$I18),4)="Open",TRIM('Casework Ledger'!$I18)="Monitoring",TRIM('Casework Ledger'!$I18)="Ongoing"),1,0)) -> 0
A18: Aug 2026 | B18: =COUNTIFS($J$2:$J$100,EOMONTH(DATEVALUE("1 "&$A18),0)) -> 0 | C18: =COUNTIFS($K$2:$K$100,EOMONTH(DATEVALUE("1 "&$A18),0)) -> 0 | D18: =COUNTIFS($J$2:$J$100,"<="&EOMONTH(DATEVALUE("1 "&$A18),0),$J$2:$J$100,"<>",$L$2:$L$100,1)+COUNTIFS($J$2:$J$100,"<="&EOMONTH(DATEVALUE("1 "&$A18),0),$J$2:$J$100,"<>",$K$2:$K$100,">"&EOMONTH(DATEVALUE("1 "&$A18),0)) -> 15 | J18: =IF(OR('Casework Ledger'!$A19="",'Casework Ledger'!$G19=""),"",IFERROR(EOMONTH('Casework Ledger'!$G19,0),IFERROR(EOMONTH(DATEVALUE("1 "&'Casework Ledger'!$G19),0),""))) -> 45808 | K18: =IF(OR('Casework Ledger'!$A19="",LEFT(TRIM('Casework Ledger'!$I19),6)<>"Closed"),"",IFERROR(EOMONTH('Casework Ledger'!$H19,0),IFERROR(EOMONTH(DATEVALUE("1 "&'Casework Ledger'!$H19),0),""))) -> 45808 | L18: =IF('Casework Ledger'!$A19="",0,IF(OR(LEFT(TRIM('Casework Ledger'!$I19),4)="Open",TRIM('Casework Ledger'!$I19)="Monitoring",TRIM('Casework Ledger'!$I19)="Ongoing"),1,0)) -> 0
A19: Sep 2026 | B19: =COUNTIFS($J$2:$J$100,EOMONTH(DATEVALUE("1 "&$A19),0)) -> 1 | C19: =COUNTIFS($K$2:$K$100,EOMONTH(DATEVALUE("1 "&$A19),0)) -> 2 | D19: =COUNTIFS($J$2:$J$100,"<="&EOMONTH(DATEVALUE("1 "&$A19),0),$J$2:$J$100,"<>",$L$2:$L$100,1)+COUNTIFS($J$2:$J$100,"<="&EOMONTH(DATEVALUE("1 "&$A19),0),$J$2:$J$100,"<>",$K$2:$K$100,">"&EOMONTH(DATEVALUE("1 "&$A19),0)) -> 14 | J19: =IF(OR('Casework Ledger'!$A20="",'Casework Ledger'!$G20=""),"",IFERROR(EOMONTH('Casework Ledger'!$G20,0),IFERROR(EOMONTH(DATEVALUE("1 "&'Casework Ledger'!$G20),0),""))) -> 45808 | K19: =IF(OR('Casework Ledger'!$A20="",LEFT(TRIM('Casework Ledger'!$I20),6)<>"Closed"),"",IFERROR(EOMONTH('Casework Ledger'!$H20,0),IFERROR(EOMONTH(DATEVALUE("1 "&'Casework Ledger'!$H20),0),""))) -> 45808 | L19: =IF('Casework Ledger'!$A20="",0,IF(OR(LEFT(TRIM('Casework Ledger'!$I20),4)="Open",TRIM('Casework Ledger'!$I20)="Monitoring",TRIM('Casework Ledger'!$I20)="Ongoing"),1,0)) -> 0
J20: =IF(OR('Casework Ledger'!$A21="",'Casework Ledger'!$G21=""),"",IFERROR(EOMONTH('Casework Ledger'!$G21,0),IFERROR(EOMONTH(DATEVALUE("1 "&'Casework Ledger'!$G21),0),""))) -> 45808 | K20: =IF(OR('Casework Ledger'!$A21="",LEFT(TRIM('Casework Ledger'!$I21),6)<>"Closed"),"",IFERROR(EOMONTH('Casework Ledger'!$H21,0),IFERROR(EOMONTH(DATEVALUE("1 "&'Casework Ledger'!$H21),0),""))) -> 45808 | L20: =IF('Casework Ledger'!$A21="",0,IF(OR(LEFT(TRIM('Casework Ledger'!$I21),4)="Open",TRIM('Casework Ledger'!$I21)="Monitoring",TRIM('Casework Ledger'!$I21)="Ongoing"),1,0)) -> 0
J21: =IF(OR('Casework Ledger'!$A22="",'Casework Ledger'!$G22=""),"",IFERROR(EOMONTH('Casework Ledger'!$G22,0),IFERROR(EOMONTH(DATEVALUE("1 "&'Casework Ledger'!$G22),0),""))) -> 45808 | K21: =IF(OR('Casework Ledger'!$A22="",LEFT(TRIM('Casework Ledger'!$I22),6)<>"Closed"),"",IFERROR(EOMONTH('Casework Ledger'!$H22,0),IFERROR(EOMONTH(DATEVALUE("1 "&'Casework Ledger'!$H22),0),""))) -> 45808 | L21: =IF('Casework Ledger'!$A22="",0,IF(OR(LEFT(TRIM('Casework Ledger'!$I22),4)="Open",TRIM('Casework Ledger'!$I22)="Monitoring",TRIM('Casework Ledger'!$I22)="Ongoing"),1,0)) -> 0
J22: =IF(OR('Casework Ledger'!$A23="",'Casework Ledger'!$G23=""),"",IFERROR(EOMONTH('Casework Ledger'!$G23,0),IFERROR(EOMONTH(DATEVALUE("1 "&'Casework Ledger'!$G23),0),""))) -> 46053 | K22: =IF(OR('Casework Ledger'!$A23="",LEFT(TRIM('Casework Ledger'!$I23),6)<>"Closed"),"",IFERROR(EOMONTH('Casework Ledger'!$H23,0),IFERROR(EOMONTH(DATEVALUE("1 "&'Casework Ledger'!$H23),0),""))) -> 46112 | L22: =IF('Casework Ledger'!$A23="",0,IF(OR(LEFT(TRIM('Casework Ledger'!$I23),4)="Open",TRIM('Casework Ledger'!$I23)="Monitoring",TRIM('Casework Ledger'!$I23)="Ongoing"),1,0)) -> 0
J23: =IF(OR('Casework Ledger'!$A24="",'Casework Ledger'!$G24=""),"",IFERROR(EOMONTH('Casework Ledger'!$G24,0),IFERROR(EOMONTH(DATEVALUE("1 "&'Casework Ledger'!$G24),0),""))) -> 45838 | K23: =IF(OR('Casework Ledger'!$A24="",LEFT(TRIM('Casework Ledger'!$I24),6)<>"Closed"),"",IFERROR(EOMONTH('Casework Ledger'!$H24,0),IFERROR(EOMONTH(DATEVALUE("1 "&'Casework Ledger'!$H24),0),""))) -> 46081 | L23: =IF('Casework Ledger'!$A24="",0,IF(OR(LEFT(TRIM('Casework Ledger'!$I24),4)="Open",TRIM('Casework Ledger'!$I24)="Monitoring",TRIM('Casework Ledger'!$I24)="Ongoing"),1,0)) -> 0
J24: =IF(OR('Casework Ledger'!$A25="",'Casework Ledger'!$G25=""),"",IFERROR(EOMONTH('Casework Ledger'!$G25,0),IFERROR(EOMONTH(DATEVALUE("1 "&'Casework Ledger'!$G25),0),""))) -> 45930 | K24: =IF(OR('Casework Ledger'!$A25="",LEFT(TRIM('Casework Ledger'!$I25),6)<>"Closed"),"",IFERROR(EOMONTH('Casework Ledger'!$H25,0),IFERROR(EOMONTH(DATEVALUE("1 "&'Casework Ledger'!$H25),0),""))) -> 45930 | L24: =IF('Casework Ledger'!$A25="",0,IF(OR(LEFT(TRIM('Casework Ledger'!$I25),4)="Open",TRIM('Casework Ledger'!$I25)="Monitoring",TRIM('Casework Ledger'!$I25)="Ongoing"),1,0)) -> 0
J25: =IF(OR('Casework Ledger'!$A26="",'Casework Ledger'!$G26=""),"",IFERROR(EOMONTH('Casework Ledger'!$G26,0),IFERROR(EOMONTH(DATEVALUE("1 "&'Casework Ledger'!$G26),0),""))) -> 45991 | K25: =IF(OR('Casework Ledger'!$A26="",LEFT(TRIM('Casework Ledger'!$I26),6)<>"Closed"),"",IFERROR(EOMONTH('Casework Ledger'!$H26,0),IFERROR(EOMONTH(DATEVALUE("1 "&'Casework Ledger'!$H26),0),""))) -> 45991 | L25: =IF('Casework Ledger'!$A26="",0,IF(OR(LEFT(TRIM('Casework Ledger'!$I26),4)="Open",TRIM('Casework Ledger'!$I26)="Monitoring",TRIM('Casework Ledger'!$I26)="Ongoing"),1,0)) -> 0
J26: =IF(OR('Casework Ledger'!$A27="",'Casework Ledger'!$G27=""),"",IFERROR(EOMONTH('Casework Ledger'!$G27,0),IFERROR(EOMONTH(DATEVALUE("1 "&'Casework Ledger'!$G27),0),""))) -> 46081 | K26: =IF(OR('Casework Ledger'!$A27="",LEFT(TRIM('Casework Ledger'!$I27),6)<>"Closed"),"",IFERROR(EOMONTH('Casework Ledger'!$H27,0),IFERROR(EOMONTH(DATEVALUE("1 "&'Casework Ledger'!$H27),0),""))) -> 46142 | L26: =IF('Casework Ledger'!$A27="",0,IF(OR(LEFT(TRIM('Casework Ledger'!$I27),4)="Open",TRIM('Casework Ledger'!$I27)="Monitoring",TRIM('Casework Ledger'!$I27)="Ongoing"),1,0)) -> 0
J27: =IF(OR('Casework Ledger'!$A28="",'Casework Ledger'!$G28=""),"",IFERROR(EOMONTH('Casework Ledger'!$G28,0),IFERROR(EOMONTH(DATEVALUE("1 "&'Casework Ledger'!$G28),0),""))) -> 46053 | K27: =IF(OR('Casework Ledger'!$A28="",LEFT(TRIM('Casework Ledger'!$I28),6)<>"Closed"),"",IFERROR(EOMONTH('Casework Ledger'!$H28,0),IFERROR(EOMONTH(DATEVALUE("1 "&'Casework Ledger'!$H28),0),""))) -> 46142 | L27: =IF('Casework Ledger'!$A28="",0,IF(OR(LEFT(TRIM('Casework Ledger'!$I28),4)="Open",TRIM('Casework Ledger'!$I28)="Monitoring",TRIM('Casework Ledger'!$I28)="Ongoing"),1,0)) -> 0
J28: =IF(OR('Casework Ledger'!$A29="",'Casework Ledger'!$G29=""),"",IFERROR(EOMONTH('Casework Ledger'!$G29,0),IFERROR(EOMONTH(DATEVALUE("1 "&'Casework Ledger'!$G29),0),""))) -> 46053 | K28: =IF(OR('Casework Ledger'!$A29="",LEFT(TRIM('Casework Ledger'!$I29),6)<>"Closed"),"",IFERROR(EOMONTH('Casework Ledger'!$H29,0),IFERROR(EOMONTH(DATEVALUE("1 "&'Casework Ledger'!$H29),0),""))) -> 46081 | L28: =IF('Casework Ledger'!$A29="",0,IF(OR(LEFT(TRIM('Casework Ledger'!$I29),4)="Open",TRIM('Casework Ledger'!$I29)="Monitoring",TRIM('Casework Ledger'!$I29)="Ongoing"),1,0)) -> 0
J29: =IF(OR('Casework Ledger'!$A30="",'Casework Ledger'!$G30=""),"",IFERROR(EOMONTH('Casework Ledger'!$G30,0),IFERROR(EOMONTH(DATEVALUE("1 "&'Casework Ledger'!$G30),0),""))) -> 45961 | K29: =IF(OR('Casework Ledger'!$A30="",LEFT(TRIM('Casework Ledger'!$I30),6)<>"Closed"),"",IFERROR(EOMONTH('Casework Ledger'!$H30,0),IFERROR(EOMONTH(DATEVALUE("1 "&'Casework Ledger'!$H30),0),""))) -> 46081 | L29: =IF('Casework Ledger'!$A30="",0,IF(OR(LEFT(TRIM('Casework Ledger'!$I30),4)="Open",TRIM('Casework Ledger'!$I30)="Monitoring",TRIM('Casework Ledger'!$I30)="Ongoing"),1,0)) -> 0
J30: =IF(OR('Casework Ledger'!$A31="",'Casework Ledger'!$G31=""),"",IFERROR(EOMONTH('Casework Ledger'!$G31,0),IFERROR(EOMONTH(DATEVALUE("1 "&'Casework Ledger'!$G31),0),""))) -> 46081 | K30: =IF(OR('Casework Ledger'!$A31="",LEFT(TRIM('Casework Ledger'!$I31),6)<>"Closed"),"",IFERROR(EOMONTH('Casework Ledger'!$H31,0),IFERROR(EOMONTH(DATEVALUE("1 "&'Casework Ledger'!$H31),0),""))) -> 46081 | L30: =IF('Casework Ledger'!$A31="",0,IF(OR(LEFT(TRIM('Casework Ledger'!$I31),4)="Open",TRIM('Casework Ledger'!$I31)="Monitoring",TRIM('Casework Ledger'!$I31)="Ongoing"),1,0)) -> 0
J31: =IF(OR('Casework Ledger'!$A32="",'Casework Ledger'!$G32=""),"",IFERROR(EOMONTH('Casework Ledger'!$G32,0),IFERROR(EOMONTH(DATEVALUE("1 "&'Casework Ledger'!$G32),0),""))) -> 46081 | K31: =IF(OR('Casework Ledger'!$A32="",LEFT(TRIM('Casework Ledger'!$I32),6)<>"Closed"),"",IFERROR(EOMONTH('Casework Ledger'!$H32,0),IFERROR(EOMONTH(DATEVALUE("1 "&'Casework Ledger'!$H32),0),""))) -> 46081 | L31: =IF('Casework Ledger'!$A32="",0,IF(OR(LEFT(TRIM('Casework Ledger'!$I32),4)="Open",TRIM('Casework Ledger'!$I32)="Monitoring",TRIM('Casework Ledger'!$I32)="Ongoing"),1,0)) -> 0
... J47: =IF(OR('Casework Ledger'!$A48="",'Casework Ledger'!$G48=""),"",IFERROR(EOMONTH('Casework Ledger'!$G48,0),IFERROR(EOMONTH(DATEVALUE("1 "&'Casework Ledger'!$G48),0),""))) -> 45930 | K47: =IF(OR('Casework Ledger'!$A48="",LEFT(TRIM('Casework Ledger'!$I48),6)<>"Closed"),"",IFERROR(EOMONTH('Casework Ledger'!$H48,0),IFERROR(EOMONTH(DATEVALUE("1 "&'Casework Ledger'!$H48),0),""))) -> 46173 | L47: =IF('Casework Ledger'!$A48="",0,IF(OR(LEFT(TRIM('Casework Ledger'!$I48),4)="Open",TRIM('Casework Ledger'!$I48)="Monitoring",TRIM('Casework Ledger'!$I48)="Ongoing"),1,0)) -> 0
J48: =IF(OR('Casework Ledger'!$A17="",'Casework Ledger'!$G17=""),"",IFERROR(EOMONTH('Casework Ledger'!$G17,0),IFERROR(EOMONTH(DATEVALUE("1 "&'Casework Ledger'!$G17),0),""))) -> 46295 | K48: =IF(OR('Casework Ledger'!$A17="",LEFT(TRIM('Casework Ledger'!$I17),6)<>"Closed"),"",IFERROR(EOMONTH('Casework Ledger'!$H17,0),IFERROR(EOMONTH(DATEVALUE("1 "&'Casework Ledger'!$H17),0),""))) | L48: =IF('Casework Ledger'!$A17="",0,IF(OR(LEFT(TRIM('Casework Ledger'!$I17),4)="Open",TRIM('Casework Ledger'!$I17)="Monitoring",TRIM('Casework Ledger'!$I17)="Ongoing"),1,0)) -> 1
J49: =IF(OR('Casework Ledger'!$A49="",'Casework Ledger'!$G49=""),"",IFERROR(EOMONTH('Casework Ledger'!$G49,0),IFERROR(EOMONTH(DATEVALUE("1 "&'Casework Ledger'!$G49),0),""))) | K49: =IF(OR('Casework Ledger'!$A49="",LEFT(TRIM('Casework Ledger'!$I49),6)<>"Closed"),"",IFERROR(EOMONTH('Casework Ledger'!$H49,0),IFERROR(EOMONTH(DATEVALUE("1 "&'Casework Ledger'!$H49),0),""))) | L49: =IF('Casework Ledger'!$A49="",0,IF(OR(LEFT(TRIM('Casework Ledger'!$I49),4)="Open",TRIM('Casework Ledger'!$I49)="Monitoring",TRIM('Casework Ledger'!$I49)="Ongoing"),1,0)) -> 0
J50: =IF(OR('Casework Ledger'!$A50="",'Casework Ledger'!$G50=""),"",IFERROR(EOMONTH('Casework Ledger'!$G50,0),IFERROR(EOMONTH(DATEVALUE("1 "&'Casework Ledger'!$G50),0),""))) | K50: =IF(OR('Casework Ledger'!$A50="",LEFT(TRIM('Casework Ledger'!$I50),6)<>"Closed"),"",IFERROR(EOMONTH('Casework Ledger'!$H50,0),IFERROR(EOMONTH(DATEVALUE("1 "&'Casework Ledger'!$H50),0),""))) | L50: =IF('Casework Ledger'!$A50="",0,IF(OR(LEFT(TRIM('Casework Ledger'!$I50),4)="Open",TRIM('Casework Ledger'!$I50)="Monitoring",TRIM('Casework Ledger'!$I50)="Ongoing"),1,0)) -> 0
J51: =IF(OR('Casework Ledger'!$A51="",'Casework Ledger'!$G51=""),"",IFERROR(EOMONTH('Casework Ledger'!$G51,0),IFERROR(EOMONTH(DATEVALUE("1 "&'Casework Ledger'!$G51),0),""))) | K51: =IF(OR('Casework Ledger'!$A51="",LEFT(TRIM('Casework Ledger'!$I51),6)<>"Closed"),"",IFERROR(EOMONTH('Casework Ledger'!$H51,0),IFERROR(EOMONTH(DATEVALUE("1 "&'Casework Ledger'!$H51),0),""))) | L51: =IF('Casework Ledger'!$A51="",0,IF(OR(LEFT(TRIM('Casework Ledger'!$I51),4)="Open",TRIM('Casework Ledger'!$I51)="Monitoring",TRIM('Casework Ledger'!$I51)="Ongoing"),1,0)) -> 0
J52: =IF(OR('Casework Ledger'!$A52="",'Casework Ledger'!$G52=""),"",IFERROR(EOMONTH('Casework Ledger'!$G52,0),IFERROR(EOMONTH(DATEVALUE("1 "&'Casework Ledger'!$G52),0),""))) | K52: =IF(OR('Casework Ledger'!$A52="",LEFT(TRIM('Casework Ledger'!$I52),6)<>"Closed"),"",IFERROR(EOMONTH('Casework Ledger'!$H52,0),IFERROR(EOMONTH(DATEVALUE("1 "&'Casework Ledger'!$H52),0),""))) | L52: =IF('Casework Ledger'!$A52="",0,IF(OR(LEFT(TRIM('Casework Ledger'!$I52),4)="Open",TRIM('Casework Ledger'!$I52)="Monitoring",TRIM('Casework Ledger'!$I52)="Ongoing"),1,0)) -> 0
J53: =IF(OR('Casework Ledger'!$A53="",'Casework Ledger'!$G53=""),"",IFERROR(EOMONTH('Casework Ledger'!$G53,0),IFERROR(EOMONTH(DATEVALUE("1 "&'Casework Ledger'!$G53),0),""))) | K53: =IF(OR('Casework Ledger'!$A53="",LEFT(TRIM('Casework Ledger'!$I53),6)<>"Closed"),"",IFERROR(EOMONTH('Casework Ledger'!$H53,0),IFERROR(EOMONTH(DATEVALUE("1 "&'Casework Ledger'!$H53),0),""))) | L53: =IF('Casework Ledger'!$A53="",0,IF(OR(LEFT(TRIM('Casework Ledger'!$I53),4)="Open",TRIM('Casework Ledger'!$I53)="Monitoring",TRIM('Casework Ledger'!$I53)="Ongoing"),1,0)) -> 0
J54: =IF(OR('Casework Ledger'!$A54="",'Casework Ledger'!$G54=""),"",IFERROR(EOMONTH('Casework Ledger'!$G54,0),IFERROR(EOMONTH(DATEVALUE("1 "&'Casework Ledger'!$G54),0),""))) | K54: =IF(OR('Casework Ledger'!$A54="",LEFT(TRIM('Casework Ledger'!$I54),6)<>"Closed"),"",IFERROR(EOMONTH('Casework Ledger'!$H54,0),IFERROR(EOMONTH(DATEVALUE("1 "&'Casework Ledger'!$H54),0),""))) | L54: =IF('Casework Ledger'!$A54="",0,IF(OR(LEFT(TRIM('Casework Ledger'!$I54),4)="Open",TRIM('Casework Ledger'!$I54)="Monitoring",TRIM('Casework Ledger'!$I54)="Ongoing"),1,0)) -> 0
J55: =IF(OR('Casework Ledger'!$A55="",'Casework Ledger'!$G55=""),"",IFERROR(EOMONTH('Casework Ledger'!$G55,0),IFERROR(EOMONTH(DATEVALUE("1 "&'Casework Ledger'!$G55),0),""))) | K55: =IF(OR('Casework Ledger'!$A55="",LEFT(TRIM('Casework Ledger'!$I55),6)<>"Closed"),"",IFERROR(EOMONTH('Casework Ledger'!$H55,0),IFERROR(EOMONTH(DATEVALUE("1 "&'Casework Ledger'!$H55),0),""))) | L55: =IF('Casework Ledger'!$A55="",0,IF(OR(LEFT(TRIM('Casework Ledger'!$I55),4)="Open",TRIM('Casework Ledger'!$I55)="Monitoring",TRIM('Casework Ledger'!$I55)="Ongoing"),1,0)) -> 0
J56: =IF(OR('Casework Ledger'!$A56="",'Casework Ledger'!$G56=""),"",IFERROR(EOMONTH('Casework Ledger'!$G56,0),IFERROR(EOMONTH(DATEVALUE("1 "&'Casework Ledger'!$G56),0),""))) | K56: =IF(OR('Casework Ledger'!$A56="",LEFT(TRIM('Casework Ledger'!$I56),6)<>"Closed"),"",IFERROR(EOMONTH('Casework Ledger'!$H56,0),IFERROR(EOMONTH(DATEVALUE("1 "&'Casework Ledger'!$H56),0),""))) | L56: =IF('Casework Ledger'!$A56="",0,IF(OR(LEFT(TRIM('Casework Ledger'!$I56),4)="Open",TRIM('Casework Ledger'!$I56)="Monitoring",TRIM('Casework Ledger'!$I56)="Ongoing"),1,0)) -> 0
J57: =IF(OR('Casework Ledger'!$A57="",'Casework Ledger'!$G57=""),"",IFERROR(EOMONTH('Casework Ledger'!$G57,0),IFERROR(EOMONTH(DATEVALUE("1 "&'Casework Ledger'!$G57),0),""))) | K57: =IF(OR('Casework Ledger'!$A57="",LEFT(TRIM('Casework Ledger'!$I57),6)<>"Closed"),"",IFERROR(EOMONTH('Casework Ledger'!$H57,0),IFERROR(EOMONTH(DATEVALUE("1 "&'Casework Ledger'!$H57),0),""))) | L57: =IF('Casework Ledger'!$A57="",0,IF(OR(LEFT(TRIM('Casework Ledger'!$I57),4)="Open",TRIM('Casework Ledger'!$I57)="Monitoring",TRIM('Casework Ledger'!$I57)="Ongoing"),1,0)) -> 0
J58: =IF(OR('Casework Ledger'!$A58="",'Casework Ledger'!$G58=""),"",IFERROR(EOMONTH('Casework Ledger'!$G58,0),IFERROR(EOMONTH(DATEVALUE("1 "&'Casework Ledger'!$G58),0),""))) | K58: =IF(OR('Casework Ledger'!$A58="",LEFT(TRIM('Casework Ledger'!$I58),6)<>"Closed"),"",IFERROR(EOMONTH('Casework Ledger'!$H58,0),IFERROR(EOMONTH(DATEVALUE("1 "&'Casework Ledger'!$H58),0),""))) | L58: =IF('Casework Ledger'!$A58="",0,IF(OR(LEFT(TRIM('Casework Ledger'!$I58),4)="Open",TRIM('Casework Ledger'!$I58)="Monitoring",TRIM('Casework Ledger'!$I58)="Ongoing"),1,0)) -> 0
J59: =IF(OR('Casework Ledger'!$A59="",'Casework Ledger'!$G59=""),"",IFERROR(EOMONTH('Casework Ledger'!$G59,0),IFERROR(EOMONTH(DATEVALUE("1 "&'Casework Ledger'!$G59),0),""))) | K59: =IF(OR('Casework Ledger'!$A59="",LEFT(TRIM('Casework Ledger'!$I59),6)<>"Closed"),"",IFERROR(EOMONTH('Casework Ledger'!$H59,0),IFERROR(EOMONTH(DATEVALUE("1 "&'Casework Ledger'!$H59),0),""))) | L59: =IF('Casework Ledger'!$A59="",0,IF(OR(LEFT(TRIM('Casework Ledger'!$I59),4)="Open",TRIM('Casework Ledger'!$I59)="Monitoring",TRIM('Casework Ledger'!$I59)="Ongoing"),1,0)) -> 0
J60: =IF(OR('Casework Ledger'!$A60="",'Casework Ledger'!$G60=""),"",IFERROR(EOMONTH('Casework Ledger'!$G60,0),IFERROR(EOMONTH(DATEVALUE("1 "&'Casework Ledger'!$G60),0),""))) | K60: =IF(OR('Casework Ledger'!$A60="",LEFT(TRIM('Casework Ledger'!$I60),6)<>"Closed"),"",IFERROR(EOMONTH('Casework Ledger'!$H60,0),IFERROR(EOMONTH(DATEVALUE("1 "&'Casework Ledger'!$H60),0),""))) | L60: =IF('Casework Ledger'!$A60="",0,IF(OR(LEFT(TRIM('Casework Ledger'!$I60),4)="Open",TRIM('Casework Ledger'!$I60)="Monitoring",TRIM('Casework Ledger'!$I60)="Ongoing"),1,0)) -> 0
... J100: =IF(OR('Casework Ledger'!$A100="",'Casework Ledger'!$G100=""),"",IFERROR(EOMONTH('Casework Ledger'!$G100,0),IFERROR(EOMONTH(DATEVALUE("1 "&'Casework Ledger'!$G100),0),""))) | K100: =IF(OR('Casework Ledger'!$A100="",LEFT(TRIM('Casework Ledger'!$I100),6)<>"Closed"),"",IFERROR(EOMONTH('Casework Ledger'!$H100,0),IFERROR(EOMONTH(DATEVALUE("1 "&'Casework Ledger'!$H100),0),""))) | L100: =IF('Casework Ledger'!$A100="",0,IF(OR(LEFT(TRIM('Casework Ledger'!$I100),4)="Open",TRIM('Casework Ledger'!$I100)="Monitoring",TRIM('Casework Ledger'!$I100)="Ongoing"),1,0)) -> 0

Sheet September Actions
A1: Issue | B1: Next Action | C1: Owner / Follow-up
A2: Netherton Lane / Bynd Lane ford | B2: Return to Highways to agree the repair scope, taking account of continuing water erosion. | C2: Sharon / Highways
A3: Ford depth gauge | B3: Confirm whether installation has been completed. | C3: Sharon / Highways
A4: Vicarage Lane sign | B4: Follow up the corrected sign showing house numbers through to No. 38. | C4: Sharon / Highways
A5: Hitchen's Way road adoption | B5: Obtain the remedial works programme and continue pressing for a clear adoption timetable. | C5: Sharon / Taylor Wimpey / Severn Trent
A6: Hitchen's Way / FirstPort | B6: Progress Options 1 and 3 and investigate whether a local authority or parish council could act as managing agent. | C6: Sharon / residents
A7: B4363 speed limit / Glazeley signage | B7: Arrange the outstanding Traffic Management meeting. | C7: Sharon
A8: Glazeley Footbridge at Borle Brook | B8: Follow up with Tim Symonds and Brian Hickson on repair/reinstatement. | C8: Sharon
A9: Silverwoods | B9: Continue Planning Enforcement monitoring. | C9: Ongoing
A10: Malt Shovel Development | B10: Continue Planning Enforcement monitoring. | C10: Ongoing
A11: Boyer proposal | B11: Continue monitoring the proposal and represent residents' concerns as the planning process develops. | C11: Sharon
A12: Audit & Governance Committee | B12: Continue evidence-based follow-up of audit recommendations and outcomes. | C12: Committee / Internal Audit

Sheet Casework Ledger
A1: SL Ref | B1: Master Case ID | C1: Master Case Title | D1: Category | E1: Location | F1: Issue / Activity | G1: First Opened | H1: Latest Update | I1: Status | J1: RAG | K1: Latest Note / Context | L1: Next Action | M1: Action Owner
A2: SL-47 | B2: MC-15 | C2: Hitchen's Way FirstPort | D2: Direct Support | E2: Highley, Hitchens Way | F2: FirstPort estate management concerns and options for replacement management arrangements | G2: Feb 2026 | H2: Sept 2026 | I2: Open | J2: Amber | K2: Residents' meeting held 17 September with 15 homeowners. Three routes considered for replacing FirstPort; residents agreed to progress Options 1 and 3, while Sharon will investigate Option 2. | L2: Progress local authority adoption and alternative management-company routes; investigate whether a local authority or parish council could act as managing agent. | M2: Sharon | N2: =IFERROR(EOMONTH(G2,0),IFERROR(EOMONTH(DATEVALUE("1 "&G2),0),"")) -> 46081 | O2: =IF(LEFT(TRIM(I2),6)="Closed",IFERROR(EOMONTH(H2,0),IFERROR(EOMONTH(DATEVALUE("1 "&H2),0),"")),"") | P2: =IF(OR(LEFT(TRIM(I2),4)="Open",TRIM(I2)="Monitoring",TRIM(I2)="Ongoing"),1,0) -> 1
A3: SL-12 | B3: MC-05 | C3: Hitchen's Way Road Adoption | D3: Highways – Adoption | E3: Highley, Hitchens Way | F3: Road adoption status clarification and developer/sewer adoption dependencies | G3: Jan 2026 | H3: Sept 2026 | I3: Open | J3: Amber | K3: Severn Trent clarified the outstanding adoption requirements and Taylor Wimpey has re-engaged. Remedial works, legal requirements and land-registration matters remain before adoption can progress. | L3: Continue pressing Taylor Wimpey and Severn Trent for the remedial works programme and a clear adoption timetable. | M3: Sharon | N3: =IFERROR(EOMONTH(G3,0),IFERROR(EOMONTH(DATEVALUE("1 "&G3),0),"")) -> 46053 | O3: =IF(LEFT(TRIM(I3),6)="Closed",IFERROR(EOMONTH(H3,0),IFERROR(EOMONTH(DATEVALUE("1 "&H3),0),"")),"") | P3: =IF(OR(LEFT(TRIM(I3),4)="Open",TRIM(I3)="Monitoring",TRIM(I3)="Ongoing"),1,0) -> 1
A4: SL-41 | B4: MC-08 | C4: Bynd Lane to Netherton Lane | D4: Highways – Roads | E4: Billingsley/Highley | F4: Road either side of ford in need of resurfacing; ongoing water erosion affects repair scope | G4: Sept 2025 | H4: Sept 2026 | I4: Open | J4: Amber | K4: Met Traffic Management to discuss barriers/road restrictions at the ford. They are not in favour of that approach. | L4: Return to Highways to arrange repairs and agree how much work can realistically be undertaken given continuing water erosion. | M4: Sharon | N4: =IFERROR(EOMONTH(G4,0),IFERROR(EOMONTH(DATEVALUE("1 "&G4),0),"")) -> 45930 | O4: =IF(LEFT(TRIM(I4),6)="Closed",IFERROR(EOMONTH(H4,0),IFERROR(EOMONTH(DATEVALUE("1 "&H4),0),"")),"") | P4: =IF(OR(LEFT(TRIM(I4),4)="Open",TRIM(I4)="Monitoring",TRIM(I4)="Ongoing"),1,0) -> 1
A5: SL-50 | B5: MC-10 | C5: Glazeley Footbridge at Borle Brook | D5: Public Rights of Way | E5: Glazeley | F5: Parish council requests repair and reinstatement of the bridge. | G5: May 2026 | H5: Sept 2026 | I5: Open | J5: Amber | K5: Outstanding - follow-up with Tim Symonds and Brian Hickson has not yet been completed. | L5: Contact Tim Symonds and Brian Hickson for the current position on repair/reinstatement. | M5: Sharon | N5: =IFERROR(EOMONTH(G5,0),IFERROR(EOMONTH(DATEVALUE("1 "&G5),0),"")) -> 46173 | O5: =IF(LEFT(TRIM(I5),6)="Closed",IFERROR(EOMONTH(H5,0),IFERROR(EOMONTH(DATEVALUE("1 "&H5),0),"")),"") | P5: =IF(OR(LEFT(TRIM(I5),4)="Open",TRIM(I5)="Monitoring",TRIM(I5)="Ongoing"),1,0) -> 1
A6: SL-55 | B6: MC-10 | C6: B4363 Speed Limit / Glazeley Signage | D6: Traffic Management | E6: BDGM / Glazeley | F6: BDGM request for B4363 speed limit review and Glazeley signage assessment | G6: May 2026 | H6: Sept 2026 | I6: Open | J6: Amber | K6: Outstanding - the planned Traffic Management meeting has not yet been arranged. | L6: Arrange a meeting with Traffic Management to raise the speed-limit/signage request and understand the assessment process. | M6: Sharon | N6: =IFERROR(EOMONTH(G6,0),IFERROR(EOMONTH(DATEVALUE("1 "&G6),0),"")) -> 46173 | O6: =IF(LEFT(TRIM(I6),6)="Closed",IFERROR(EOMONTH(H6,0),IFERROR(EOMONTH(DATEVALUE("1 "&H6),0),"")),"") | P6: =IF(OR(LEFT(TRIM(I6),4)="Open",TRIM(I6)="Monitoring",TRIM(I6)="Ongoing"),1,0) -> 1
A7: SL-52 | B7: MC-08 | C7: Ford depth gauge for Netherton Lane/Bynd Lane ford | D7: Highways | E7: Highley | F7: Depth gauge missing. | G7: 46113 | H7: Sept 2026 | I7: Open – Monitoring | J7: Amber | K7: Outstanding - I have not yet checked whether the planned depth gauge installation has been completed. | L7: Confirm whether the missing depth gauge has now been installed. | M7: Sharon | N7: =IFERROR(EOMONTH(G7,0),IFERROR(EOMONTH(DATEVALUE("1 "&G7),0),"")) -> 46142 | O7: =IF(LEFT(TRIM(I7),6)="Closed",IFERROR(EOMONTH(H7,0),IFERROR(EOMONTH(DATEVALUE("1 "&H7),0),"")),"") | P7: =IF(OR(LEFT(TRIM(I7),4)="Open",TRIM(I7)="Monitoring",TRIM(I7)="Ongoing"),1,0) -> 1
A8: SL-53 | B8: MC-10 | C8: Vicarage Lane Road Sign | D8: Traffic Management | E8: Highley | F8: Replacement road signage | G8: Apr 2026 | H8: Sept 2026 | I8: Open – Monitoring | J8: Amber | K8: Replacement sign installed, but Vicarage Lane houses now extend to No. 38 while the sign ends at No. 36. A corrected sign has been requested. | L8: Follow up the corrected replacement sign showing house numbers through to No. 38. | M8: Sharon | N8: =IFERROR(EOMONTH(G8,0),IFERROR(EOMONTH(DATEVALUE("1 "&G8),0),"")) -> 46142 | O8: =IF(LEFT(TRIM(I8),6)="Closed",IFERROR(EOMONTH(H8,0),IFERROR(EOMONTH(DATEVALUE("1 "&H8),0),"")),"") | P8: =IF(OR(LEFT(TRIM(I8),4)="Open",TRIM(I8)="Monitoring",TRIM(I8)="Ongoing"),1,0) -> 1
A9: SL-54 | B9: MC-10 | C9: Arley View Close Road Sign | D9: Traffic Management | E9: Highley | F9: Replacement road signage | G9: Apr 2026 | H9: Sept 2026 | I9: Closed | J9: Green | K9: Replacement Arley View Close road sign has now been installed. | L9: No further action. | M9: Closed | N9: =IFERROR(EOMONTH(G9,0),IFERROR(EOMONTH(DATEVALUE("1 "&G9),0),"")) -> 46142 | O9: =IF(LEFT(TRIM(I9),6)="Closed",IFERROR(EOMONTH(H9,0),IFERROR(EOMONTH(DATEVALUE("1 "&H9),0),"")),"") -> 46295 | P9: =IF(OR(LEFT(TRIM(I9),4)="Open",TRIM(I9)="Monitoring",TRIM(I9)="Ongoing"),1,0) -> 0
A10: SL-45 | B10: MC-10 | C10: Coronation Street Road Sign (Also Arley View Close and Vicarage Lane) | D10: Traffic Management | E10: Highley | F10: Replacement road signage | G10: 46113 | H10: Sept 2026 | I10: Closed | J10: Green | K10: Replacement Coronation Street road sign has now been installed. | L10: No further action. | M10: Closed | N10: =IFERROR(EOMONTH(G10,0),IFERROR(EOMONTH(DATEVALUE("1 "&G10),0),"")) -> 46142 | O10: =IF(LEFT(TRIM(I10),6)="Closed",IFERROR(EOMONTH(H10,0),IFERROR(EOMONTH(DATEVALUE("1 "&H10),0),"")),"") -> 46295 | P10: =IF(OR(LEFT(TRIM(I10),4)="Open",TRIM(I10)="Monitoring",TRIM(I10)="Ongoing"),1,0) -> 0
A11: SL-46 | B11: MC-14 | C11: Community Skip Provision and Recent Fly‑Tipping Concerns | D11: Flytipping | E11: Highley | F11: Request for regular skip to aleviate fly tipping | G11: 46113 | I11: Open | K11: Regular skip provision remains under review; fly-tipping should be reported through Fix My Street. | L11: Check whether any feasible skip provision or targeted support remains available. | M11: Sharon | N11: =IFERROR(EOMONTH(G11,0),IFERROR(EOMONTH(DATEVALUE("1 "&G11),0),"")) -> 46142 | O11: =IF(LEFT(TRIM(I11),6)="Closed",IFERROR(EOMONTH(H11,0),IFERROR(EOMONTH(DATEVALUE("1 "&H11),0),"")),"") | P11: =IF(OR(LEFT(TRIM(I11),4)="Open",TRIM(I11)="Monitoring",TRIM(I11)="Ongoing"),1,0) -> 1
A12: SL-21 | B12: MC-10 | C12: Traffic Management (Strategic / Village-wide) | D12: Traffic Management | E12: Highley | F12: Village-wide traffic & road safety review initiated. CIL funded feasibility report shared with HPC Clerk | G12: May 2026 | H12: Oct 2025 | I12: Open | K12: Low priority; no active June update. | L12: Keep under review if Highley Parish Council wishes to revisit village-wide traffic management. | M12: Sharon / Highley Parish Council | N12: =IFERROR(EOMONTH(G12,0),IFERROR(EOMONTH(DATEVALUE("1 "&G12),0),"")) -> 46173 | O12: =IF(LEFT(TRIM(I12),6)="Closed",IFERROR(EOMONTH(H12,0),IFERROR(EOMONTH(DATEVALUE("1 "&H12),0),"")),"") | P12: =IF(OR(LEFT(TRIM(I12),4)="Open",TRIM(I12)="Monitoring",TRIM(I12)="Ongoing"),1,0) -> 1
A13: SL-33 | B13: MC-14 | C13: Environmental Health (Sewage / Public Health) | D13: Environmental Health / Utilities | E13: Kinlet View & Netherfield | F13: Persistent sewage odour investigation | G13: May 2025 | H13: Apr 2026 | I13: Open – Monitoring | K13: Severn Trent contact ongoing; no recent resident reports. | L13: Continue monitoring through summer and follow up if odour returns. | M13: Sharon | N13: =IFERROR(EOMONTH(G13,0),IFERROR(EOMONTH(DATEVALUE("1 "&G13),0),"")) -> 45808 | O13: =IF(LEFT(TRIM(I13),6)="Closed",IFERROR(EOMONTH(H13,0),IFERROR(EOMONTH(DATEVALUE("1 "&H13),0),"")),"") | P13: =IF(OR(LEFT(TRIM(I13),4)="Open",TRIM(I13)="Monitoring",TRIM(I13)="Ongoing"),1,0) -> 1
A14: SL-04 | B14: MC-02 | C14: Silverwoods / Netherton Lane Road Damage | D14: Planning Enforcement | E14: Highley | F14: Construction traffic damage; remedial works agreed; exploring HGV restriction options - currently 2T. Repairs outstanding; owner seeking advice; site meeting to be arranged with senior officer | G14: Jan 2026 | H14: Feb 2026 | I14: Open – Monitoring | K14: Construction traffic damage and remedial works remain under monitoring. | L14: Monitor road damage and HGV restriction position if further issues are reported. | M14: Sharon / Highways | N14: =IFERROR(EOMONTH(G14,0),IFERROR(EOMONTH(DATEVALUE("1 "&G14),0),"")) -> 46053 | O14: =IF(LEFT(TRIM(I14),6)="Closed",IFERROR(EOMONTH(H14,0),IFERROR(EOMONTH(DATEVALUE("1 "&H14),0),"")),"") | P14: =IF(OR(LEFT(TRIM(I14),4)="Open",TRIM(I14)="Monitoring",TRIM(I14)="Ongoing"),1,0) -> 1
A15: SL-04 | B15: MC-02 | C15: Silverwoods - Site adherance to planning application | D15: Planning Enforcement | E15: Highley | F15: Planning compliance monitoring following site inspection and requirement for any necessary new application. | G15: Jan 2026 | H15: Sept 2026 | I15: Open – Monitoring | J15: Amber | K15: Ongoing monitoring with Planning Enforcement. No new issue to report in September. | L15: Continue monitoring and follow up if any potential breach arises. | M15: Sharon | N15: =IFERROR(EOMONTH(G15,0),IFERROR(EOMONTH(DATEVALUE("1 "&G15),0),"")) -> 46053 | O15: =IF(LEFT(TRIM(I15),6)="Closed",IFERROR(EOMONTH(H15,0),IFERROR(EOMONTH(DATEVALUE("1 "&H15),0),"")),"") | P15: =IF(OR(LEFT(TRIM(I15),4)="Open",TRIM(I15)="Monitoring",TRIM(I15)="Ongoing"),1,0) -> 1
A16: SL-10 | B16: MC-04 | C16: Malt Shovel Development Monitoring | D16: Planning Enforcement | E16: Malt Shovel | F16: Development and planning compliance monitoring | G16: Jan 2026 | H16: Sept 2026 | I16: Open – Monitoring | J16: Amber | K16: Ongoing monitoring with Planning Enforcement. No new issue to report in September. | L16: Continue monitoring and follow up if further activity raises compliance concerns. | M16: Sharon | N16: =IFERROR(EOMONTH(G16,0),IFERROR(EOMONTH(DATEVALUE("1 "&G16),0),"")) -> 46053 | O16: =IF(LEFT(TRIM(I16),6)="Closed",IFERROR(EOMONTH(H16,0),IFERROR(EOMONTH(DATEVALUE("1 "&H16),0),"")),"") | P16: =IF(OR(LEFT(TRIM(I16),4)="Open",TRIM(I16)="Monitoring",TRIM(I16)="Ongoing"),1,0) -> 1
A17: SL-57 | B17: MC-18 | C17: Boyer Proposed Development - Public Consultation | D17: Planning / Development | E17: Highley | F17: Public consultation on proposed Boyer development; concerns about consultation format and local response. | G17: Sept 2026 | H17: Sept 2026 | I17: Open – Monitoring | J17: Amber | K17: Attended the Boyer public consultation. There was no formal presentation and Boyer representation was limited. No resident in attendance was heard expressing a positive view of the proposal. | L17: Continue to monitor the proposal as it progresses through the planning process and represent residents' concerns through the appropriate channels. | M17: Sharon | N17: =IFERROR(EOMONTH(G17,0),IFERROR(EOMONTH(DATEVALUE("1 "&G17),0),"")) -> 46295 | O17: =IF(LEFT(TRIM(I17),6)="Closed",IFERROR(EOMONTH(H17,0),IFERROR(EOMONTH(DATEVALUE("1 "&H17),0),"")),"") | P17: =IF(OR(LEFT(TRIM(I17),4)="Open",TRIM(I17)="Monitoring",TRIM(I17)="Ongoing"),1,0) -> 1
A18: SL-34 | B18: MC-15 | C18: Direct Resident Support (Individual Cases) | D18: Direct Support | E18: Highley | F18: Removal of loops/obstructions from a public footpath (access/safety improvement) | G18: Sept 2025 | H18: Sept 2025 | I18: Closed | J18: Green | N18: =IFERROR(EOMONTH(G18,0),IFERROR(EOMONTH(DATEVALUE("1 "&G18),0),"")) -> 45930 | O18: =IF(LEFT(TRIM(I18),6)="Closed",IFERROR(EOMONTH(H18,0),IFERROR(EOMONTH(DATEVALUE("1 "&H18),0),"")),"") -> 45930 | P18: =IF(OR(LEFT(TRIM(I18),4)="Open",TRIM(I18)="Monitoring",TRIM(I18)="Ongoing"),1,0) -> 0
A19: SL-35 | B19: MC-15 | C19: Direct Resident Support (Individual Cases) | D19: Direct Support | E19: Highley (bus shelter) | F19: Arranged temporary safety mitigation (barriers/cones) following damage to Parish Council bus shelter | G19: May 2025 | H19: May 2025 | I19: Closed | J19: Green | N19: =IFERROR(EOMONTH(G19,0),IFERROR(EOMONTH(DATEVALUE("1 "&G19),0),"")) -> 45808 | O19: =IF(LEFT(TRIM(I19),6)="Closed",IFERROR(EOMONTH(H19,0),IFERROR(EOMONTH(DATEVALUE("1 "&H19),0),"")),"") -> 45808 | P19: =IF(OR(LEFT(TRIM(I19),4)="Open",TRIM(I19)="Monitoring",TRIM(I19)="Ongoing"),1,0) -> 0
A20: SL-36 | B20: MC-15 | C20: Direct Resident Support (Individual Cases) | D20: Direct Support | E20: Highley / Bridgnorth | F20: Assisted two households with bulky waste removal (transport to tip) | G20: May 2025 | H20: May 2025 | I20: Closed | J20: Green | N20: =IFERROR(EOMONTH(G20,0),IFERROR(EOMONTH(DATEVALUE("1 "&G20),0),"")) -> 45808 | O20: =IF(LEFT(TRIM(I20),6)="Closed",IFERROR(EOMONTH(H20,0),IFERROR(EOMONTH(DATEVALUE("1 "&H20),0),"")),"") -> 45808 | P20: =IF(OR(LEFT(TRIM(I20),4)="Open",TRIM(I20)="Monitoring",TRIM(I20)="Ongoing"),1,0) -> 0
A21: SL-37 | B21: MC-15 | C21: Direct Resident Support (Individual Cases) | D21: Direct Support | E21: Highley | F21: Supported a resident with housing-related queries and signposting | G21: May 2025 | H21: May 2025 | I21: Closed | J21: Green | N21: =IFERROR(EOMONTH(G21,0),IFERROR(EOMONTH(DATEVALUE("1 "&G21),0),"")) -> 45808 | O21: =IF(LEFT(TRIM(I21),6)="Closed",IFERROR(EOMONTH(H21,0),IFERROR(EOMONTH(DATEVALUE("1 "&H21),0),"")),"") -> 45808 | P21: =IF(OR(LEFT(TRIM(I21),4)="Open",TRIM(I21)="Monitoring",TRIM(I21)="Ongoing"),1,0) -> 0
A22: SL-38 | B22: MC-15 | C22: Direct Resident Support (Individual Cases) | D22: Direct Support | E22: Highley | F22: Provided a laptop to a resident in the village (digital access support) | G22: May 2025 | H22: May 2025 | I22: Closed | J22: Green | N22: =IFERROR(EOMONTH(G22,0),IFERROR(EOMONTH(DATEVALUE("1 "&G22),0),"")) -> 45808 | O22: =IF(LEFT(TRIM(I22),6)="Closed",IFERROR(EOMONTH(H22,0),IFERROR(EOMONTH(DATEVALUE("1 "&H22),0),"")),"") -> 45808 | P22: =IF(OR(LEFT(TRIM(I22),4)="Open",TRIM(I22)="Monitoring",TRIM(I22)="Ongoing"),1,0) -> 0
A23: SL-44 | B23: MC-15 | C23: Direct Resident Support (Individual Cases) | D23: Direct Support | E23: Borle Brook Court, Highley | F23: Ongoing support to resident including guidance on process and drafting formal correspondence to progress resolution. 17.03.26 Further guidance and drafted letter provided to the resident for the next stage. | G23: Jan 2026 | H23: 46082 | I23: Closed | J23: Green | K23: Historic issue; resident support provided and follow-up letter drafted. | L23: No current action unless resident re-engages. | M23: Closed / Sharon | N23: =IFERROR(EOMONTH(G23,0),IFERROR(EOMONTH(DATEVALUE("1 "&G23),0),"")) -> 46053 | O23: =IF(LEFT(TRIM(I23),6)="Closed",IFERROR(EOMONTH(H23,0),IFERROR(EOMONTH(DATEVALUE("1 "&H23),0),"")),"") -> 46112 | P23: =IF(OR(LEFT(TRIM(I23),4)="Open",TRIM(I23)="Monitoring",TRIM(I23)="Ongoing"),1,0) -> 0
A24: SL-39 | B24: MC-14 | C24: Environmental Health (Sewage / Public Health) | D24: Flytipping | E24: Pit Bank | F24: Mattress in hedgerow - council kept rejecting stating it was on private land. Proved otherwise. Mattress removed | G24: Jun 2025 | H24: Feb 2026 | I24: Closed | J24: Green | N24: =IFERROR(EOMONTH(G24,0),IFERROR(EOMONTH(DATEVALUE("1 "&G24),0),"")) -> 45838 | O24: =IF(LEFT(TRIM(I24),6)="Closed",IFERROR(EOMONTH(H24,0),IFERROR(EOMONTH(DATEVALUE("1 "&H24),0),"")),"") -> 46081 | P24: =IF(OR(LEFT(TRIM(I24),4)="Open",TRIM(I24)="Monitoring",TRIM(I24)="Ongoing"),1,0) -> 0
A25: SL-30 | B25: MC-13 | C25: Drainage & Surface Water (Infrastructure) | D25: Highways – Drainage | E25: Highley | F25: Blocked drains - drain clearing completed by SC | G25: Sept 2025 | H25: Sept 2025 | I25: Closed | J25: Green | N25: =IFERROR(EOMONTH(G25,0),IFERROR(EOMONTH(DATEVALUE("1 "&G25),0),"")) -> 45930 | O25: =IF(LEFT(TRIM(I25),6)="Closed",IFERROR(EOMONTH(H25,0),IFERROR(EOMONTH(DATEVALUE("1 "&H25),0),"")),"") -> 45930 | P25: =IF(OR(LEFT(TRIM(I25),4)="Open",TRIM(I25)="Monitoring",TRIM(I25)="Ongoing"),1,0) -> 0
A26: SL-31 | B26: MC-13 | C26: Drainage & Surface Water (Infrastructure) | D26: Highways – Drainage | E26: Vicarage Lane | F26: Flooding due to resurfacing ridge | G26: Nov 2025 | H26: Nov 2025 | I26: Closed | J26: Green | N26: =IFERROR(EOMONTH(G26,0),IFERROR(EOMONTH(DATEVALUE("1 "&G26),0),"")) -> 45991 | O26: =IF(LEFT(TRIM(I26),6)="Closed",IFERROR(EOMONTH(H26,0),IFERROR(EOMONTH(DATEVALUE("1 "&H26),0),"")),"") -> 45991 | P26: =IF(OR(LEFT(TRIM(I26),4)="Open",TRIM(I26)="Monitoring",TRIM(I26)="Ongoing"),1,0) -> 0
A27: SL-22 | B27: MC-11 | C27: Parking & Enforcement (Operational & Escalation) | D27: Highways – Parking & Enforcement | E27: Multiple Highley Streets | F27: Parking enforcement report reviewed; liaison to ensure ongoing provision | G27: Feb 2026 | H27: 46113 | I27: Closed | J27: Green | N27: =IFERROR(EOMONTH(G27,0),IFERROR(EOMONTH(DATEVALUE("1 "&G27),0),"")) -> 46081 | O27: =IF(LEFT(TRIM(I27),6)="Closed",IFERROR(EOMONTH(H27,0),IFERROR(EOMONTH(DATEVALUE("1 "&H27),0),"")),"") -> 46142 | P27: =IF(OR(LEFT(TRIM(I27),4)="Open",TRIM(I27)="Monitoring",TRIM(I27)="Ongoing"),1,0) -> 0
A28: SL-23 | B28: MC-11 | C28: Parking & Enforcement (Operational & Escalation) | D28: Highways – Parking & Enforcement | E28: Highley (various streets) | F28: Resident congestion/parking complaints; enforcement engagement | G28: Jan 2026 | H28: 46113 | I28: Closed | J28: Green | N28: =IFERROR(EOMONTH(G28,0),IFERROR(EOMONTH(DATEVALUE("1 "&G28),0),"")) -> 46053 | O28: =IF(LEFT(TRIM(I28),6)="Closed",IFERROR(EOMONTH(H28,0),IFERROR(EOMONTH(DATEVALUE("1 "&H28),0),"")),"") -> 46142 | P28: =IF(OR(LEFT(TRIM(I28),4)="Open",TRIM(I28)="Monitoring",TRIM(I28)="Ongoing"),1,0) -> 0
A29: SL-15 | B29: MC-06 | C29: Hawthorn Drive Footpath Safety | D29: Highways – Pavements | E29: Hawthorn Drive | F29: Third safety incident escalated; priority request for full resurfacing new maintenance year/April. | G29: Jan 2026 | H29: Feb 2026 | I29: Closed | J29: Green | N29: =IFERROR(EOMONTH(G29,0),IFERROR(EOMONTH(DATEVALUE("1 "&G29),0),"")) -> 46053 | O29: =IF(LEFT(TRIM(I29),6)="Closed",IFERROR(EOMONTH(H29,0),IFERROR(EOMONTH(DATEVALUE("1 "&H29),0),"")),"") -> 46081 | P29: =IF(OR(LEFT(TRIM(I29),4)="Open",TRIM(I29)="Monitoring",TRIM(I29)="Ongoing"),1,0) -> 0
A30: SL-16 | B30: MC-06 | C30: Hawthorn Drive Footpath Safety | D30: Highways – Pavements | E30: Hawthorn Drive to Main Road | F30: Mobility scooter accident & visually impaired fall; formal escalation | G30: Oct 2025 | H30: Feb 2026 | I30: Closed | J30: Green | N30: =IFERROR(EOMONTH(G30,0),IFERROR(EOMONTH(DATEVALUE("1 "&G30),0),"")) -> 45961 | O30: =IF(LEFT(TRIM(I30),6)="Closed",IFERROR(EOMONTH(H30,0),IFERROR(EOMONTH(DATEVALUE("1 "&H30),0),"")),"") -> 46081 | P30: =IF(OR(LEFT(TRIM(I30),4)="Open",TRIM(I30)="Monitoring",TRIM(I30)="Ongoing"),1,0) -> 0
A31: SL-19 | B31: MC-08 | C31: Covert Lane to Haggs Corner Deterioration | D31: Highways – Roads | E31: Covert Lane to top of Clee View | F31: Severe carriageway deterioration; tyre damage reports; escalated via weekly Highways call | G31: Feb 2026 | H31: Feb 2026 | I31: Closed | J31: Green | N31: =IFERROR(EOMONTH(G31,0),IFERROR(EOMONTH(DATEVALUE("1 "&G31),0),"")) -> 46081 | O31: =IF(LEFT(TRIM(I31),6)="Closed",IFERROR(EOMONTH(H31,0),IFERROR(EOMONTH(DATEVALUE("1 "&H31),0),"")),"") -> 46081 | P31: =IF(OR(LEFT(TRIM(I31),4)="Open",TRIM(I31)="Monitoring",TRIM(I31)="Ongoing"),1,0) -> 0
A32: SL-39 | B32: MC-08 | C32: Clee View Manhole Potholes | D32: Highways – Roads | E32: Covert Lane to Haggs Corner | F32: Pot holes repaired | G32: Feb 2026 | H32: Feb 2026 | I32: Closed | J32: Green | N32: =IFERROR(EOMONTH(G32,0),IFERROR(EOMONTH(DATEVALUE("1 "&G32),0),"")) -> 46081 | O32: =IF(LEFT(TRIM(I32),6)="Closed",IFERROR(EOMONTH(H32,0),IFERROR(EOMONTH(DATEVALUE("1 "&H32),0),"")),"") -> 46081 | P32: =IF(OR(LEFT(TRIM(I32),4)="Open",TRIM(I32)="Monitoring",TRIM(I32)="Ongoing"),1,0) -> 0
A33: SL-08 | B33: MC-03 | C33: Castle Inn (Planning, Visibility & Site Condition) | D33: Highways – Visibility | E33: Woodhill Road / Castle Inn Slip Road | F33: Hedge trimming completed; ownership clarified | G33: Jun 2025 | H33: Jan 2026 | I33: Closed | J33: Green | N33: =IFERROR(EOMONTH(G33,0),IFERROR(EOMONTH(DATEVALUE("1 "&G33),0),"")) -> 45838 | O33: =IF(LEFT(TRIM(I33),6)="Closed",IFERROR(EOMONTH(H33,0),IFERROR(EOMONTH(DATEVALUE("1 "&H33),0),"")),"") -> 46053 | P33: =IF(OR(LEFT(TRIM(I33),4)="Open",TRIM(I33)="Monitoring",TRIM(I33)="Ongoing"),1,0) -> 0
A34: SL-32 | B34: MC-13 | C34: Drainage & Surface Water (Infrastructure) | D34: Infrastructure – Drainage | E34: Opposite Severn Centre | F34: Surface water pooling following resurfacing; senior officers reviewing works | G34: Jan 2026 | H34: Feb 2026 | I34: Closed | J34: Green | N34: =IFERROR(EOMONTH(G34,0),IFERROR(EOMONTH(DATEVALUE("1 "&G34),0),"")) -> 46053 | O34: =IF(LEFT(TRIM(I34),6)="Closed",IFERROR(EOMONTH(H34,0),IFERROR(EOMONTH(DATEVALUE("1 "&H34),0),"")),"") -> 46081 | P34: =IF(OR(LEFT(TRIM(I34),4)="Open",TRIM(I34)="Monitoring",TRIM(I34)="Ongoing"),1,0) -> 0
A35: SL-07 | B35: MC-03 | C35: Castle Inn (Planning, Visibility & Site Condition) | D35: Planning & Highways | E35: Castle Inn | F35: Contentious fence approved by Planning Enforcement | G35: Jan 2026 | H35: Jan 2026 | I35: Closed | J35: Green | N35: =IFERROR(EOMONTH(G35,0),IFERROR(EOMONTH(DATEVALUE("1 "&G35),0),"")) -> 46053 | O35: =IF(LEFT(TRIM(I35),6)="Closed",IFERROR(EOMONTH(H35,0),IFERROR(EOMONTH(DATEVALUE("1 "&H35),0),"")),"") -> 46053 | P35: =IF(OR(LEFT(TRIM(I35),4)="Open",TRIM(I35)="Monitoring",TRIM(I35)="Ongoing"),1,0) -> 0
A36: SL-43 | B36: MC-16 | C36: Removal of Dilapidated Building - Cape of Good Hope | D36: Planning Enforcement | E36: Billingsley | F36: Cape of Good Hope beyond repair, residents concerned and would like removed | G36: Mar 2026 | H36: July 2026 | I36: Closed | J36: Green | K36: Resolved by the Billingsley Parish Councillor. | L36: No further action. | M36: Closed | N36: =IFERROR(EOMONTH(G36,0),IFERROR(EOMONTH(DATEVALUE("1 "&G36),0),"")) -> 46112 | O36: =IF(LEFT(TRIM(I36),6)="Closed",IFERROR(EOMONTH(H36,0),IFERROR(EOMONTH(DATEVALUE("1 "&H36),0),"")),"") -> 46234 | P36: =IF(OR(LEFT(TRIM(I36),4)="Open",TRIM(I36)="Monitoring",TRIM(I36)="Ongoing"),1,0) -> 0
A37: SL-04 | B37: MC-02 | C37: Silverwoods / Netherton Lane (Planning & Road Damage) | D37: Planning Enforcement | E37: Silverwoods - type & number of statics | F37: Planning have advised one static is wider than the plan but not of significance to warrant enforcement | G37: Jan 2026 | H37: Jan 2026 | I37: Closed | J37: Green | N37: =IFERROR(EOMONTH(G37,0),IFERROR(EOMONTH(DATEVALUE("1 "&G37),0),"")) -> 46053 | O37: =IF(LEFT(TRIM(I37),6)="Closed",IFERROR(EOMONTH(H37,0),IFERROR(EOMONTH(DATEVALUE("1 "&H37),0),"")),"") -> 46053 | P37: =IF(OR(LEFT(TRIM(I37),4)="Open",TRIM(I37)="Monitoring",TRIM(I37)="Ongoing"),1,0) -> 0
A38: SL-09 | B38: MC-03 | C38: Castle Inn (Planning, Visibility & Site Condition) | D38: Planning Enforcement | E38: Castle Inn | F38: Conifer order complied with; follow-up if highways element not forthcoming | G38: Jan 2026 | H38: Feb 2026 | I38: Closed | J38: Green | N38: =IFERROR(EOMONTH(G38,0),IFERROR(EOMONTH(DATEVALUE("1 "&G38),0),"")) -> 46053 | O38: =IF(LEFT(TRIM(I38),6)="Closed",IFERROR(EOMONTH(H38,0),IFERROR(EOMONTH(DATEVALUE("1 "&H38),0),"")),"") -> 46081 | P38: =IF(OR(LEFT(TRIM(I38),4)="Open",TRIM(I38)="Monitoring",TRIM(I38)="Ongoing"),1,0) -> 0
A39: SL-42 | B39: MC-10 | C39: Visibility on Vicarage Lane | D39: Traffic Management | E39: Highley | F39: Arranged for convex mirror installed on Vicarage Lane | G39: Feb 2026 | H39: 46082 | I39: Closed | J39: Green | N39: =IFERROR(EOMONTH(G39,0),IFERROR(EOMONTH(DATEVALUE("1 "&G39),0),"")) -> 46081 | O39: =IF(LEFT(TRIM(I39),6)="Closed",IFERROR(EOMONTH(H39,0),IFERROR(EOMONTH(DATEVALUE("1 "&H39),0),"")),"") -> 46112 | P39: =IF(OR(LEFT(TRIM(I39),4)="Open",TRIM(I39)="Monitoring",TRIM(I39)="Ongoing"),1,0) -> 0
A40: SL-01 | B40: MC-01 | C40: Transport – Buses (Timetable & Reliability) | D40: Transport (Buses) | E40: Highley → Bridgnorth | F40: Request for first bus timetable change | G40: 45839 | H40: Jan 2026 | I40: Closed | J40: Green | N40: =IFERROR(EOMONTH(G40,0),IFERROR(EOMONTH(DATEVALUE("1 "&G40),0),"")) -> 45869 | O40: =IF(LEFT(TRIM(I40),6)="Closed",IFERROR(EOMONTH(H40,0),IFERROR(EOMONTH(DATEVALUE("1 "&H40),0),"")),"") -> 46053 | P40: =IF(OR(LEFT(TRIM(I40),4)="Open",TRIM(I40)="Monitoring",TRIM(I40)="Ongoing"),1,0) -> 0
A41: SL-14 | B41: MC-06 | C41: Hawthorn Drive Footpath Safety | D41: Highways – Pavements | E41: Hawthorn Drive to Main Road | F41: Adoption mapping corrected; works scheduled post-maintenance restart | G41: Jan 2026 | H41: Jan 2026 | I41: Closed | J41: Green | K41: Temporary fix to be followed by proper resurfacing. | L41: No current action. | M41: Closed / Highways
A42: SL-20 | B42: MC-08 | C42: Highley to Bewdley Deterioration | D42: Highways – Roads | E42: Highley out towards Bewdley | F42: Severe carriageway deterioration; escalated; linked to rainfall | G42: Feb 2026 | H42: Feb 2026 | I42: Closed | J42: Green
A43: SL-40 | B43: MC-15 | C43: Direct Resident Support (Individual Cases) | D43: Direct Support | E43: Highley | F43: Rhea Hall - unoccupied property. Neighbour complaint regarding vermin and infestation due to unhygenic state. | G43: Feb 2026 | H43: Feb 2026 | I43: Closed | J43: Green | K43: No further resident update despite repeated attempts; Environmental Health has visited and advised the resident. | L43: No further action unless the resident re-engages. | M43: Closed | N43: =IFERROR(EOMONTH(G43,0),IFERROR(EOMONTH(DATEVALUE("1 "&G43),0),"")) -> 46081 | O43: =IF(LEFT(TRIM(I43),6)="Closed",IFERROR(EOMONTH(H43,0),IFERROR(EOMONTH(DATEVALUE("1 "&H43),0),"")),"") -> 46081 | P43: =IF(OR(LEFT(TRIM(I43),4)="Open",TRIM(I43)="Monitoring",TRIM(I43)="Ongoing"),1,0) -> 0
A44: SL-17 | B44: MC-07 | C44: Highley Cycle Track Ownership & Maintenance | D44: Infrastructure | E44: Highley Cycle Track | F44: Cycle track ownership/maintenance clarification initiated, Lapsed Sustrans agreement; no responsible body confirmed; legal/planning query underway | G44: Jan 2026 | H44: 46143 | I44: Closed | J44: Green | K44: Location confirmed as Chelmarsh; resident informed and case passed to the ward councillor. | L44: No further action on Highley case log. | M44: Closed | N44: =IFERROR(EOMONTH(G44,0),IFERROR(EOMONTH(DATEVALUE("1 "&G44),0),"")) -> 46053 | O44: =IF(LEFT(TRIM(I44),6)="Closed",IFERROR(EOMONTH(H44,0),IFERROR(EOMONTH(DATEVALUE("1 "&H44),0),"")),"") -> 46173 | P44: =IF(OR(LEFT(TRIM(I44),4)="Open",TRIM(I44)="Monitoring",TRIM(I44)="Ongoing"),1,0) -> 0
A45: SL-48 | B45: MC-17 | C45: Request for Police Investigation into Offensive Political Messages Displayed on Vehicle in Bridgnorth Town Centre | D45: Policing | E45: Bridgnorth | F45: Concerns from several residents and also parish councillors regarding messages deemed devisive. | G45: 46082 | H45: 46143 | I45: Closed | J45: Green | K45: Police responded that they investigated and advised no laws were broken. | L45: No further action. | M45: Closed | N45: =IFERROR(EOMONTH(G45,0),IFERROR(EOMONTH(DATEVALUE("1 "&G45),0),"")) -> 46112 | O45: =IF(LEFT(TRIM(I45),6)="Closed",IFERROR(EOMONTH(H45,0),IFERROR(EOMONTH(DATEVALUE("1 "&H45),0),"")),"") -> 46173 | P45: =IF(OR(LEFT(TRIM(I45),4)="Open",TRIM(I45)="Monitoring",TRIM(I45)="Ongoing"),1,0) -> 0
A46: SL-49 | B46: MC-11 | C46: 20MPH Ashley Gardens enforcement | D46: Traffic Management | E46: Highley | F46: Several residents have reported drivers ignoring the reduced speed limits around Highley Primary School and Ashleigh Gardens, particularly delivery and commercial vehicles. | G46: 46113 | H46: July 2026 | I46: Closed | J46: Green | K46: Reviewed with Highways. Speed bumps are not practical because of side road junctions and dropped kerbs; a camera is not viable immediately. Revisit in next year's budget. | L46: Revisit during next budget cycle if a viable enforcement or traffic-calming option becomes available. | M46: Sharon | N46: =IFERROR(EOMONTH(G46,0),IFERROR(EOMONTH(DATEVALUE("1 "&G46),0),"")) -> 46142 | O46: =IF(LEFT(TRIM(I46),6)="Closed",IFERROR(EOMONTH(H46,0),IFERROR(EOMONTH(DATEVALUE("1 "&H46),0),"")),"") -> 46234 | P46: =IF(OR(LEFT(TRIM(I46),4)="Open",TRIM(I46)="Monitoring",TRIM(I46)="Ongoing"),1,0) -> 0
A47: SL-51 | B47: MC-10 | C47: Coronation Street Yellow Lines | D47: Traffic Management | E47: Highley | F47: Used blower to clear carriageway to enable line painting. Left all the debris on the footpath. Coronation Street tenancy agreement provides on street parking for one car per property. Double yellows have removed 2 resident car parking spaces. Opposite Parry & Phillips outside of the Bache they could have made a break in the lines to provide these two parking spaces. | G47: 46143 | H47: 46143 | I47: Closed | J47: Green | N47: =IFERROR(EOMONTH(G47,0),IFERROR(EOMONTH(DATEVALUE("1 "&G47),0),"")) -> 46173 | O47: =IF(LEFT(TRIM(I47),6)="Closed",IFERROR(EOMONTH(H47,0),IFERROR(EOMONTH(DATEVALUE("1 "&H47),0),"")),"") -> 46173 | P47: =IF(OR(LEFT(TRIM(I47),4)="Open",TRIM(I47)="Monitoring",TRIM(I47)="Ongoing"),1,0) -> 0
A48: SL-01 | B48: MC-01 | C48: Transport – Buses (Timetable & Reliability) | D48: Transport (Buses) | E48: Highley | F48: 08:21 service timing complaint; request for 08:21 to revert to 08:08 | G48: Sept 2025 | H48: 46143 | I48: Closed | J48: Green | K48: Change made from end of May; transport team follow-up completed. | L48: No further action. | M48: Closed | N48: =IFERROR(EOMONTH(G48,0),IFERROR(EOMONTH(DATEVALUE("1 "&G48),0),"")) -> 45930 | O48: =IF(LEFT(TRIM(I48),6)="Closed",IFERROR(EOMONTH(H48,0),IFERROR(EOMONTH(DATEVALUE("1 "&H48),0),"")),"") -> 46173 | P48: =IF(OR(LEFT(TRIM(I48),4)="Open",TRIM(I48)="Monitoring",TRIM(I48)="Ongoing"),1,0) -> 0
N49: =IFERROR(EOMONTH(G49,0),IFERROR(EOMONTH(DATEVALUE("1 "&G49),0),"")) -> 31 | O49: =IF(LEFT(TRIM(I49),6)="Closed",IFERROR(EOMONTH(H49,0),IFERROR(EOMONTH(DATEVALUE("1 "&H49),0),"")),"") | P49: =IF(OR(LEFT(TRIM(I49),4)="Open",TRIM(I49)="Monitoring",TRIM(I49)="Ongoing"),1,0) -> 0
N50: =IFERROR(EOMONTH(G50,0),IFERROR(EOMONTH(DATEVALUE("1 "&G50),0),"")) -> 31 | O50: =IF(LEFT(TRIM(I50),6)="Closed",IFERROR(EOMONTH(H50,0),IFERROR(EOMONTH(DATEVALUE("1 "&H50),0),"")),"") | P50: =IF(OR(LEFT(TRIM(I50),4)="Open",TRIM(I50)="Monitoring",TRIM(I50)="Ongoing"),1,0) -> 0
N51: =IFERROR(EOMONTH(G51,0),IFERROR(EOMONTH(DATEVALUE("1 "&G51),0),"")) -> 31 | O51: =IF(LEFT(TRIM(I51),6)="Closed",IFERROR(EOMONTH(H51,0),IFERROR(EOMONTH(DATEVALUE("1 "&H51),0),"")),"") | P51: =IF(OR(LEFT(TRIM(I51),4)="Open",TRIM(I51)="Monitoring",TRIM(I51)="Ongoing"),1,0) -> 0
N52: =IFERROR(EOMONTH(G52,0),IFERROR(EOMONTH(DATEVALUE("1 "&G52),0),"")) -> 31 | O52: =IF(LEFT(TRIM(I52),6)="Closed",IFERROR(EOMONTH(H52,0),IFERROR(EOMONTH(DATEVALUE("1 "&H52),0),"")),"") | P52: =IF(OR(LEFT(TRIM(I52),4)="Open",TRIM(I52)="Monitoring",TRIM(I52)="Ongoing"),1,0) -> 0
N53: =IFERROR(EOMONTH(G53,0),IFERROR(EOMONTH(DATEVALUE("1 "&G53),0),"")) -> 31 | O53: =IF(LEFT(TRIM(I53),6)="Closed",IFERROR(EOMONTH(H53,0),IFERROR(EOMONTH(DATEVALUE("1 "&H53),0),"")),"") | P53: =IF(OR(LEFT(TRIM(I53),4)="Open",TRIM(I53)="Monitoring",TRIM(I53)="Ongoing"),1,0) -> 0
N54: =IFERROR(EOMONTH(G54,0),IFERROR(EOMONTH(DATEVALUE("1 "&G54),0),"")) -> 31 | O54: =IF(LEFT(TRIM(I54),6)="Closed",IFERROR(EOMONTH(H54,0),IFERROR(EOMONTH(DATEVALUE("1 "&H54),0),"")),"") | P54: =IF(OR(LEFT(TRIM(I54),4)="Open",TRIM(I54)="Monitoring",TRIM(I54)="Ongoing"),1,0) -> 0
N55: =IFERROR(EOMONTH(G55,0),IFERROR(EOMONTH(DATEVALUE("1 "&G55),0),"")) -> 31 | O55: =IF(LEFT(TRIM(I55),6)="Closed",IFERROR(EOMONTH(H55,0),IFERROR(EOMONTH(DATEVALUE("1 "&H55),0),"")),"") | P55: =IF(OR(LEFT(TRIM(I55),4)="Open",TRIM(I55)="Monitoring",TRIM(I55)="Ongoing"),1,0) -> 0
N56: =IFERROR(EOMONTH(G56,0),IFERROR(EOMONTH(DATEVALUE("1 "&G56),0),"")) -> 31 | O56: =IF(LEFT(TRIM(I56),6)="Closed",IFERROR(EOMONTH(H56,0),IFERROR(EOMONTH(DATEVALUE("1 "&H56),0),"")),"") | P56: =IF(OR(LEFT(TRIM(I56),4)="Open",TRIM(I56)="Monitoring",TRIM(I56)="Ongoing"),1,0) -> 0
N57: =IFERROR(EOMONTH(G57,0),IFERROR(EOMONTH(DATEVALUE("1 "&G57),0),"")) -> 31 | O57: =IF(LEFT(TRIM(I57),6)="Closed",IFERROR(EOMONTH(H57,0),IFERROR(EOMONTH(DATEVALUE("1 "&H57),0),"")),"") | P57: =IF(OR(LEFT(TRIM(I57),4)="Open",TRIM(I57)="Monitoring",TRIM(I57)="Ongoing"),1,0) -> 0
N58: =IFERROR(EOMONTH(G58,0),IFERROR(EOMONTH(DATEVALUE("1 "&G58),0),"")) -> 31 | O58: =IF(LEFT(TRIM(I58),6)="Closed",IFERROR(EOMONTH(H58,0),IFERROR(EOMONTH(DATEVALUE("1 "&H58),0),"")),"") | P58: =IF(OR(LEFT(TRIM(I58),4)="Open",TRIM(I58)="Monitoring",TRIM(I58)="Ongoing"),1,0) -> 0
N59: =IFERROR(EOMONTH(G59,0),IFERROR(EOMONTH(DATEVALUE("1 "&G59),0),"")) -> 31 | O59: =IF(LEFT(TRIM(I59),6)="Closed",IFERROR(EOMONTH(H59,0),IFERROR(EOMONTH(DATEVALUE("1 "&H59),0),"")),"") | P59: =IF(OR(LEFT(TRIM(I59),4)="Open",TRIM(I59)="Monitoring",TRIM(I59)="Ongoing"),1,0) -> 0
N60: =IFERROR(EOMONTH(G60,0),IFERROR(EOMONTH(DATEVALUE("1 "&G60),0),"")) -> 31 | O60: =IF(LEFT(TRIM(I60),6)="Closed",IFERROR(EOMONTH(H60,0),IFERROR(EOMONTH(DATEVALUE("1 "&H60),0),"")),"") | P60: =IF(OR(LEFT(TRIM(I60),4)="Open",TRIM(I60)="Monitoring",TRIM(I60)="Ongoing"),1,0) -> 0
... N100: =IFERROR(EOMONTH(G100,0),IFERROR(EOMONTH(DATEVALUE("1 "&G100),0),"")) -> 31 | O100: =IF(LEFT(TRIM(I100),6)="Closed",IFERROR(EOMONTH(H100,0),IFERROR(EOMONTH(DATEVALUE("1 "&H100),0),"")),"") | P100: =IF(OR(LEFT(TRIM(I100),4)="Open",TRIM(I100)="Monitoring",TRIM(I100)="Ongoing"),1,0) -> 0

Sheet Governance & Scrutiny
A1: SL Ref | B1: Master Case ID | C1: Master Case Title | D1: Category | E1: Location | F1: Issue / Activity | G1: First Opened | H1: Latest Update | I1: Status | J1: Next Action | K1: Action Owner
A2: SL-24 | B2: MC-12 | C2: Governance & Financial Scrutiny | D2: Governance | E2: Council-wide | F2: Non-statutory services withdrawal pressure & spending priority debate | G2: Feb 2026 | H2: Feb 2026 | I2: Closed | L2: =IFERROR(EOMONTH(G2,0),IFERROR(EOMONTH(DATEVALUE("1 "&G2),0),"")) -> 46081 | M2: =IF(LEFT(TRIM(I2),6)="Closed",IFERROR(EOMONTH(H2,0),IFERROR(EOMONTH(DATEVALUE("1 "&H2),0),"")),"") -> 46081 | N2: =IF(OR(LEFT(TRIM(I2),4)="Open",TRIM(I2)="Monitoring",TRIM(I2)="Ongoing"),1,0) -> 0
A3: SL-25 | B3: MC-12 | C3: Governance & Financial Scrutiny | D3: Governance | E3: Council-wide | F3: Fees & Charges policy; £105m income target | G3: Feb 2026 | H3: Feb 2026 | I3: Closed | L3: =IFERROR(EOMONTH(G3,0),IFERROR(EOMONTH(DATEVALUE("1 "&G3),0),"")) -> 46081 | M3: =IF(LEFT(TRIM(I3),6)="Closed",IFERROR(EOMONTH(H3,0),IFERROR(EOMONTH(DATEVALUE("1 "&H3),0),"")),"") -> 46081 | N3: =IF(OR(LEFT(TRIM(I3),4)="Open",TRIM(I3)="Monitoring",TRIM(I3)="Ongoing"),1,0) -> 0
A4: SL-26 | B4: MC-12 | C4: Governance & Financial Scrutiny | D4: Governance | E4: Council-wide | F4: Deferred Payment Agreement fee increases | G4: Feb 2026 | H4: Feb 2026 | I4: Closed | L4: =IFERROR(EOMONTH(G4,0),IFERROR(EOMONTH(DATEVALUE("1 "&G4),0),"")) -> 46081 | M4: =IF(LEFT(TRIM(I4),6)="Closed",IFERROR(EOMONTH(H4,0),IFERROR(EOMONTH(DATEVALUE("1 "&H4),0),"")),"") -> 46081 | N4: =IF(OR(LEFT(TRIM(I4),4)="Open",TRIM(I4)="Monitoring",TRIM(I4)="Ongoing"),1,0) -> 0
A5: SL-27 | B5: MC-12 | C5: Governance & Financial Scrutiny | D5: Governance | E5: Council-wide | F5: 4.8% Social Housing rent increase | G5: Feb 2026 | H5: Feb 2026 | I5: Closed | L5: =IFERROR(EOMONTH(G5,0),IFERROR(EOMONTH(DATEVALUE("1 "&G5),0),"")) -> 46081 | M5: =IF(LEFT(TRIM(I5),6)="Closed",IFERROR(EOMONTH(H5,0),IFERROR(EOMONTH(DATEVALUE("1 "&H5),0),"")),"") -> 46081 | N5: =IF(OR(LEFT(TRIM(I5),4)="Open",TRIM(I5)="Monitoring",TRIM(I5)="Ongoing"),1,0) -> 0
A6: SL-28 | B6: MC-12 | C6: Governance & Financial Scrutiny | D6: Governance | E6: Council-wide | F6: 8.99% Council Tax increase approved | G6: Feb 2026 | H6: Feb 2026 | I6: Closed | L6: =IFERROR(EOMONTH(G6,0),IFERROR(EOMONTH(DATEVALUE("1 "&G6),0),"")) -> 46081 | M6: =IF(LEFT(TRIM(I6),6)="Closed",IFERROR(EOMONTH(H6,0),IFERROR(EOMONTH(DATEVALUE("1 "&H6),0),"")),"") -> 46081 | N6: =IF(OR(LEFT(TRIM(I6),4)="Open",TRIM(I6)="Monitoring",TRIM(I6)="Ongoing"),1,0) -> 0
A7: SL-29 | B7: MC-12 | C7: Governance & Financial Scrutiny | D7: Governance | E7: Council-wide | F7: Five-year deficit forecast & EFS borrowing challenge raised | G7: Feb 2026 | H7: Feb 2026 | I7: Monitoring | L7: =IFERROR(EOMONTH(G7,0),IFERROR(EOMONTH(DATEVALUE("1 "&G7),0),"")) -> 46081 | M7: =IF(LEFT(TRIM(I7),6)="Closed",IFERROR(EOMONTH(H7,0),IFERROR(EOMONTH(DATEVALUE("1 "&H7),0),"")),"") | N7: =IF(OR(LEFT(TRIM(I7),4)="Open",TRIM(I7)="Monitoring",TRIM(I7)="Ongoing"),1,0) -> 1
A8: SL-56 | B8: MC-12 | C8: Audit & Governance Committee | D8: Governance | E8: Council-wide | F8: Chair of Audit & Governance Committee; assurance, audit recommendation follow-up and evidence of improvement | G8: June 2026 | H8: Sept 2026 | I8: Ongoing | J8: Continue strengthening evidence-based follow-up, assurance and accountability for audit recommendations. | K8: Sharon | L8: =IFERROR(EOMONTH(G8,0),IFERROR(EOMONTH(DATEVALUE("1 "&G8),0),"")) -> 46203 | M8: =IF(LEFT(TRIM(I8),6)="Closed",IFERROR(EOMONTH(H8,0),IFERROR(EOMONTH(DATEVALUE("1 "&H8),0),"")),"") | N8: =IF(OR(LEFT(TRIM(I8),4)="Open",TRIM(I8)="Monitoring",TRIM(I8)="Ongoing"),1,0) -> 1
L9: =IFERROR(EOMONTH(G9,0),IFERROR(EOMONTH(DATEVALUE("1 "&G9),0),"")) -> 31 | M9: =IF(LEFT(TRIM(I9),6)="Closed",IFERROR(EOMONTH(H9,0),IFERROR(EOMONTH(DATEVALUE("1 "&H9),0),"")),"") | N9: =IF(OR(LEFT(TRIM(I9),4)="Open",TRIM(I9)="Monitoring",TRIM(I9)="Ongoing"),1,0) -> 0
L10: =IFERROR(EOMONTH(G10,0),IFERROR(EOMONTH(DATEVALUE("1 "&G10),0),"")) -> 31 | M10: =IF(LEFT(TRIM(I10),6)="Closed",IFERROR(EOMONTH(H10,0),IFERROR(EOMONTH(DATEVALUE("1 "&H10),0),"")),"") | N10: =IF(OR(LEFT(TRIM(I10),4)="Open",TRIM(I10)="Monitoring",TRIM(I10)="Ongoing"),1,0) -> 0
L11: =IFERROR(EOMONTH(G11,0),IFERROR(EOMONTH(DATEVALUE("1 "&G11),0),"")) -> 31 | M11: =IF(LEFT(TRIM(I11),6)="Closed",IFERROR(EOMONTH(H11,0),IFERROR(EOMONTH(DATEVALUE("1 "&H11),0),"")),"") | N11: =IF(OR(LEFT(TRIM(I11),4)="Open",TRIM(I11)="Monitoring",TRIM(I11)="Ongoing"),1,0) -> 0
L12: =IFERROR(EOMONTH(G12,0),IFERROR(EOMONTH(DATEVALUE("1 "&G12),0),"")) -> 31 | M12: =IF(LEFT(TRIM(I12),6)="Closed",IFERROR(EOMONTH(H12,0),IFERROR(EOMONTH(DATEVALUE("1 "&H12),0),"")),"") | N12: =IF(OR(LEFT(TRIM(I12),4)="Open",TRIM(I12)="Monitoring",TRIM(I12)="Ongoing"),1,0) -> 0
L13: =IFERROR(EOMONTH(G13,0),IFERROR(EOMONTH(DATEVALUE("1 "&G13),0),"")) -> 31 | M13: =IF(LEFT(TRIM(I13),6)="Closed",IFERROR(EOMONTH(H13,0),IFERROR(EOMONTH(DATEVALUE("1 "&H13),0),"")),"") | N13: =IF(OR(LEFT(TRIM(I13),4)="Open",TRIM(I13)="Monitoring",TRIM(I13)="Ongoing"),1,0) -> 0
L14: =IFERROR(EOMONTH(G14,0),IFERROR(EOMONTH(DATEVALUE("1 "&G14),0),"")) -> 31 | M14: =IF(LEFT(TRIM(I14),6)="Closed",IFERROR(EOMONTH(H14,0),IFERROR(EOMONTH(DATEVALUE("1 "&H14),0),"")),"") | N14: =IF(OR(LEFT(TRIM(I14),4)="Open",TRIM(I14)="Monitoring",TRIM(I14)="Ongoing"),1,0) -> 0
L15: =IFERROR(EOMONTH(G15,0),IFERROR(EOMONTH(DATEVALUE("1 "&G15),0),"")) -> 31 | M15: =IF(LEFT(TRIM(I15),6)="Closed",IFERROR(EOMONTH(H15,0),IFERROR(EOMONTH(DATEVALUE("1 "&H15),0),"")),"") | N15: =IF(OR(LEFT(TRIM(I15),4)="Open",TRIM(I15)="Monitoring",TRIM(I15)="Ongoing"),1,0) -> 0
L16: =IFERROR(EOMONTH(G16,0),IFERROR(EOMONTH(DATEVALUE("1 "&G16),0),"")) -> 31 | M16: =IF(LEFT(TRIM(I16),6)="Closed",IFERROR(EOMONTH(H16,0),IFERROR(EOMONTH(DATEVALUE("1 "&H16),0),"")),"") | N16: =IF(OR(LEFT(TRIM(I16),4)="Open",TRIM(I16)="Monitoring",TRIM(I16)="Ongoing"),1,0) -> 0
L17: =IFERROR(EOMONTH(G17,0),IFERROR(EOMONTH(DATEVALUE("1 "&G17),0),"")) -> 31 | M17: =IF(LEFT(TRIM(I17),6)="Closed",IFERROR(EOMONTH(H17,0),IFERROR(EOMONTH(DATEVALUE("1 "&H17),0),"")),"") | N17: =IF(OR(LEFT(TRIM(I17),4)="Open",TRIM(I17)="Monitoring",TRIM(I17)="Ongoing"),1,0) -> 0
L18: =IFERROR(EOMONTH(G18,0),IFERROR(EOMONTH(DATEVALUE("1 "&G18),0),"")) -> 31 | M18: =IF(LEFT(TRIM(I18),6)="Closed",IFERROR(EOMONTH(H18,0),IFERROR(EOMONTH(DATEVALUE("1 "&H18),0),"")),"") | N18: =IF(OR(LEFT(TRIM(I18),4)="Open",TRIM(I18)="Monitoring",TRIM(I18)="Ongoing"),1,0) -> 0
L19: =IFERROR(EOMONTH(G19,0),IFERROR(EOMONTH(DATEVALUE("1 "&G19),0),"")) -> 31 | M19: =IF(LEFT(TRIM(I19),6)="Closed",IFERROR(EOMONTH(H19,0),IFERROR(EOMONTH(DATEVALUE("1 "&H19),0),"")),"") | N19: =IF(OR(LEFT(TRIM(I19),4)="Open",TRIM(I19)="Monitoring",TRIM(I19)="Ongoing"),1,0) -> 0
L20: =IFERROR(EOMONTH(G20,0),IFERROR(EOMONTH(DATEVALUE("1 "&G20),0),"")) -> 31 | M20: =IF(LEFT(TRIM(I20),6)="Closed",IFERROR(EOMONTH(H20,0),IFERROR(EOMONTH(DATEVALUE("1 "&H20),0),"")),"") | N20: =IF(OR(LEFT(TRIM(I20),4)="Open",TRIM(I20)="Monitoring",TRIM(I20)="Ongoing"),1,0) -> 0
... L100: =IFERROR(EOMONTH(G100,0),IFERROR(EOMONTH(DATEVALUE("1 "&G100),0),"")) -> 31 | M100: =IF(LEFT(TRIM(I100),6)="Closed",IFERROR(EOMONTH(H100,0),IFERROR(EOMONTH(DATEVALUE("1 "&H100),0),"")),"") | N100: =IF(OR(LEFT(TRIM(I100),4)="Open",TRIM(I100)="Monitoring",TRIM(I100)="Ongoing"),1,0) -> 0
